Workbook
Name _____________________________________________________TEP44: #N/A
Name _____________________________________________________TZ216: #N/A
Name ____________________________________________________ADM4: [1]BASE!$D$120
Name ____________________________________________________AIU1: #REF!
Name ____________________________________________________TPE1132: #N/A
Name ____________________________________________________TPE12: #REF!
Name ____________________________________________________TPE1331: #N/A
Name ____________________________________________________TPE1702: #N/A
Name ____________________________________________________TPE1703: #N/A
Name ____________________________________________________TPE1704: #N/A
Name ____________________________________________________TPE1706: #N/A
Name ____________________________________________________TPE1708: #N/A
Name ____________________________________________________TPE1710: #N/A
Name ____________________________________________________TPE1735: #N/A
Name ____________________________________________________TPE1763: #N/A
Name ____________________________________________________TPE1790: #N/A
Name ____________________________________________________TUZ22: '[2]BASE ORIGINAL'!#REF!
Name ____________________________________________________TUZ36: '[2]BASE ORIGINAL'!#REF!
Name ____________________________________________________TZ214: #N/A
Name ____________________________________________________TZ323: '[2]BASE ORIGINAL'!#REF!
Name ____________________________________________________TZ324: '[2]BASE ORIGINAL'!#REF!
Name ____________________________________________________TZ32510: #N/A
Name ___________________________________________________ADM4: [1]BASE!$D$120
Name ___________________________________________________ADM4: [1]BASE!$D$120
Name ___________________________________________________TEP44: #N/A
Name ___________________________________________________TZ216: #N/A
Name __________________________________________________ADH12: [1]BASE!$D$218
Name __________________________________________________ADM12: [1]BASE!$D$219
Name __________________________________________________ADM4: [1]BASE!$D$120
Name __________________________________________________ADM4: [1]BASE!$D$120
Name __________________________________________________AIU1: #REF!
Name __________________________________________________AIU2: [3]BASE!$C$5
Name __________________________________________________BAZ10: [1]BASE!$D$270
Name __________________________________________________BLO20: [1]BASE!$D$56
Name __________________________________________________CAN28: [1]BASE!$D$315
Name __________________________________________________Cod1: #N/A
Name __________________________________________________CUA44: [1]BASE!$D$253
Name __________________________________________________LA124: [1]BASE!$D$64
Name __________________________________________________LAC18: [4]BASE!$D$252
Name __________________________________________________Po2: [5]REAJUSTESACTA1PROVI!#REF!
Name __________________________________________________R84JH: [4]BASE!$D$172
Name __________________________________________________REP43: [6]BASE!$D$136
Name __________________________________________________TEP44: #N/A
Name __________________________________________________TPE1132: #N/A
Name __________________________________________________TPE12: #REF!
Name __________________________________________________TPE1331: #N/A
Name __________________________________________________TPE1702: #N/A
Name __________________________________________________TPE1703: #N/A
Name __________________________________________________TPE1704: #N/A
Name __________________________________________________TPE1706: #N/A
Name __________________________________________________TPE1708: #N/A
Name __________________________________________________TPE1710: #N/A
Name __________________________________________________TPE1735: #N/A
Name __________________________________________________TPE1763: #N/A
Name __________________________________________________TPE1790: #N/A
Name __________________________________________________TPF12: [1]BASE!$D$217
Name __________________________________________________TUZ22: '[2]BASE ORIGINAL'!#REF!
Name __________________________________________________TUZ36: '[2]BASE ORIGINAL'!#REF!
Name __________________________________________________TZ2110: [1]BASE!$D$79
Name __________________________________________________TZ214: #N/A

Sheet Plan ejecución otrosi 2
C1: SISTEMA DE GESTIÓN INTEGRAL - SGI | AB1: Instructivo
C2: COMPONENTE FINANCIERO EP - PLAN DE EJECUCIÓN FÍSICA Y DE INVERSIONES
C3: CÓDIGO: F-PGC-21 | G3: =[72]Instructivo!G3 -> VERSIÓN: 03
A4: MODALIDAD DE CONTRATACIÓN: | C4: CONTRATACIÓN DIRECTA | AB4: =C4 -> CONTRATACIÓN DIRECTA
A5: OBJETO A CONTRATAR: | C5: “Fortalecer el gobierno propio y la garantía de los derechos de los consejos comunitarios afrodescendientes de la jurisdicción de Corantioquia a través del saneamiento hídrico rural de sus territorios" | AB5: =C5 -> “Fortalecer el gobierno propio y la garantía de los derechos de los consejos comunitarios afrodescendientes de la jurisdicción de Corantioquia a través del saneamiento hídrico rural de sus territorios"
A7: CONTRATISTA/CONVENIANTE: | C7: Consejo San Andrés
A8: NOMBRE DEL TÉCNICO (A): | C8: EL DESIGNADO POR EL ORDENADOR DEL GASTO
A9: DURACIÓN Y/O PLAZO DEL CONTRATO (MESES): | C9: 7 meses
A10: PERIODO DE PROGRAMACIÓN Y SEGUIMIENTO: | C10: mensual
A12: PROGRAMACIÓN FÍSICA
B13: Descripción | C13: % de importancia | D13: Unidad de medida | E13: Cantidad Programada | F13: Distribución física
F14: Período 1 | G14: Período 2 | H14: Período 3 | I14: Período 4 | J14: Período 5 | K14: Período 6 | L14: Período 7 | M14: Período 10 | N14: Período 11 | O14: Período 12 | P14: Período 13 | Q14: Período 14 | R14: Período 15 | S14: Período 16 | T14: Período 17 | U14: Período 18 | V14: Período 19 | W14: Período 20 | X14: Período 21 | Y14: Período 22 | Z14: Período 23 | AA14: Período 24
A15: Alcance 1 | B15: Garantizar el suministro, transporte e instalación de los sistemas sépticos acordados en este contrato con su respectiva apropiación tecnológica y demás actividades que permitan la correcta ejecución de los mismos. Este alcance implica que el contratista despliegue las actuaciones necesarias tendientes a la contratación del suministro, transporte e instalación de los sistemas de tratamiento de ARD y respectivos accesorios. | C15: =+SUM(C16:C20) -> 1 | M15: =+#REF! -> #REF! | N15: =+#REF! -> #REF! | O15: =+#REF! -> #REF! | P15: =+#REF! -> #REF! | Q15: =+#REF! -> #REF! | R15: =+#REF! -> #REF! | S15: =+#REF! -> #REF! | T15: =+#REF! -> #REF! | ... AA15: =+#REF! -> #REF! | AB15: =+E15-SUM(F15:K15) -> 0
A16: Actividad 1 | B16: Realizar proceso de contratación para ejecutar las actividades del convenio | C16: 0.25 | D16: Contrato | E16: 1 | F16: 1
A17: Actividad 2 | B17: Realización pruebas de percolación | C17: 0.1 | D17: Pruebas | E17: 69 | F17: 10 | J17: 19 | K17: 40
A18: Actividad 3 | B18: Encuentros de apropiación técnologica | C18: 0.05 | D18: Encuentros | E18: 3 | J18: 1 | K18: 1 | L18: 1
A19: Actividad 4 | B19: Instalación de sistemas sépticos individuales | C19: 0.5 | D19: Tanques sépticos | E19: 70 | J19: 30 | K19: 20 | L19: 20 | M19: =IFERROR(((#REF!/#REF!)*#REF!),0) -> 0 | N19: =IFERROR(((#REF!/#REF!)*#REF!),0) -> 0 | O19: =IFERROR(((#REF!/#REF!)*#REF!),0) -> 0 | P19: =IFERROR(((#REF!/#REF!)*#REF!),0) -> 0 | Q19: =IFERROR(((#REF!/#REF!)*#REF!),0) -> 0 | R19: =IFERROR(((#REF!/#REF!)*#REF!),0) -> 0 | S19: =IFERROR(((#REF!/#REF!)*#REF!),0) -> 0 | T19: =IFERROR(((#REF!/#REF!)*#REF!),0) -> 0 | ... AA19: =IFERROR(((#REF!/#REF!)*#REF!),0) -> 0
A20: Actividad 6 | B20: Informes de avance e informe final | C20: 0.1 | D20: Informes | E20: 6 | F20: 1 | G20: 1 | H20: 1 | I20: 0.5 | J20: 0.5 | K20: 1 | L20: 1 | M20: =M19+L20 -> 1 | N20: =N19+M20 -> 1 | O20: =O19+N20 -> 1 | P20: =P19+O20 -> 1 | Q20: =Q19+P20 -> 1 | R20: =R19+Q20 -> 1 | S20: =S19+R20 -> 1 | T20: =T19+S20 -> 1 | ... AA20: =AA19+Z20 -> 1
A21: TOTAL | F21: =IF(ISERROR((F$16/$E$16)*$C$16),0,(F$16/$E$16)*$C$16)+IF(ISERROR((F$17/$E$17)*$C$17),0,(F$17/$E$17)*$C$17)+IF(ISERROR((F$18/$E$18)*$C$18),0,(F$18/$E$18)*$C$18)+IF(ISERROR((F$19/$E$19)*$C$19),0,(F$19/$E$19)*$C$19)+IF(ISERROR((F$20/$E$20)*$C$20),0,(F$20/$E$20)*$C$20) -> 0.28115942 | G21: =IF(ISERROR((G$16/$E$16)*$C$16),0,(G$16/$E$16)*$C$16)+IF(ISERROR((G$17/$E$17)*$C$17),0,(G$17/$E$17)*$C$17)+IF(ISERROR((G$18/$E$18)*$C$18),0,(G$18/$E$18)*$C$18)+IF(ISERROR((G$19/$E$19)*$C$19),0,(G$19/$E$19)*$C$19)+IF(ISERROR((G$20/$E$20)*$C$20),0,(G$20/$E$20)*$C$20) -> 0.016666667 | H21: =IF(ISERROR((H$16/$E$16)*$C$16),0,(H$16/$E$16)*$C$16)+IF(ISERROR((H$17/$E$17)*$C$17),0,(H$17/$E$17)*$C$17)+IF(ISERROR((H$18/$E$18)*$C$18),0,(H$18/$E$18)*$C$18)+IF(ISERROR((H$19/$E$19)*$C$19),0,(H$19/$E$19)*$C$19)+IF(ISERROR((H$20/$E$20)*$C$20),0,(H$20/$E$20)*$C$20) -> 0.016666667 | I21: =IF(ISERROR((I$16/$E$16)*$C$16),0,(I$16/$E$16)*$C$16)+IF(ISERROR((I$17/$E$17)*$C$17),0,(I$17/$E$17)*$C$17)+IF(ISERROR((I$18/$E$18)*$C$18),0,(I$18/$E$18)*$C$18)+IF(ISERROR((I$19/$E$19)*$C$19),0,(I$19/$E$19)*$C$19)+IF(ISERROR((I$20/$E$20)*$C$20),0,(I$20/$E$20)*$C$20) -> 0.0083333333 | J21: =IF(ISERROR((J$16/$E$16)*$C$16),0,(J$16/$E$16)*$C$16)+IF(ISERROR((J$17/$E$17)*$C$17),0,(J$17/$E$17)*$C$17)+IF(ISERROR((J$18/$E$18)*$C$18),0,(J$18/$E$18)*$C$18)+IF(ISERROR((J$19/$E$19)*$C$19),0,(J$19/$E$19)*$C$19)+IF(ISERROR((J$20/$E$20)*$C$20),0,(J$20/$E$20)*$C$20) -> 0.26682195 | K21: =IF(ISERROR((K$16/$E$16)*$C$16),0,(K$16/$E$16)*$C$16)+IF(ISERROR((K$17/$E$17)*$C$17),0,(K$17/$E$17)*$C$17)+IF(ISERROR((K$18/$E$18)*$C$18),0,(K$18/$E$18)*$C$18)+IF(ISERROR((K$19/$E$19)*$C$19),0,(K$19/$E$19)*$C$19)+IF(ISERROR((K$20/$E$20)*$C$20),0,(K$20/$E$20)*$C$20) -> 0.23416149 | L21: =IF(ISERROR((L$16/$E$16)*$C$16),0,(L$16/$E$16)*$C$16)+IF(ISERROR((L$17/$E$17)*$C$17),0,(L$17/$E$17)*$C$17)+IF(ISERROR((L$18/$E$18)*$C$18),0,(L$18/$E$18)*$C$18)+IF(ISERROR((L$19/$E$19)*$C$19),0,(L$19/$E$19)*$C$19)+IF(ISERROR((L$20/$E$20)*$C$20),0,(L$20/$E$20)*$C$20) -> 0.17619048
A22: ACUMULADO | F22: =+F21 -> 0.28115942 | G22: =+F22+G21 -> 0.29782609 | H22: =+G22+H21 -> 0.31449275 | I22: =+H22+I21 -> 0.32282609 | J22: =+I22+J21 -> 0.58964803 | K22: =+J22+K21 -> 0.82380952 | L22: =+K22+L21 -> 1
D26: PROGRAMACIÓN FINANCIERA INICIAL
D27: Valor del contrato o convenio | E27: Valor aportado por Corantioquia CON IVA | F27: Distribución de recursos del valor aportado por Corantioquia
F28: Período 1 | G28: Período 2 | H28: Período 3 | I28: Período 4 | J28: Período 5 | K28: Período 6 | L28: Período 7 | M28: Período 10 | N28: Período 11 | O28: Período 12 | P28: Período 13 | Q28: Período 14 | R28: Período 15 | S28: Período 16 | T28: Período 17 | U28: Período 18 | V28: Período 19 | W28: Período 20 | X28: Período 21 | Y28: Período 22 | Z28: Período 23 | AA28: Período 24
D29: =+'Presupuesto Convenio otrosí'!D209 -> 800000000 | E29: =+D29 -> 800000000 | F29: =+E$29*F21 -> 2.2492754e+08 | G29: =+E$29*G21 -> 13333333 | H29: =+E$29*H21 -> 13333333 | I29: =+E$29*I21 -> 6666666.7 | J29: =+E$29*J21 -> 2.1345756e+08 | K29: =+E$29*K21 -> 1.8732919e+08 | L29: =+E$29*L21 -> 1.4095238e+08 | M29: =+L29*M21 -> 0 | N29: =+M29*N21 -> 0 | O29: =+N29*O21 -> 0 | P29: =+O29*P21 -> 0 | Q29: =+P29*Q21 -> 0 | R29: =+Q29*R21 -> 0 | S29: =+R29*S21 -> 0 | T29: =+S29*T21 -> 0 | ... AA29: =+Z29*AA21 -> 0
D30: Porcentaje (%) | F30: =+F21 -> 0.28115942 | G30: =+G21 -> 0.016666667 | H30: =+H21 -> 0.016666667 | I30: =+I21 -> 0.0083333333 | J30: =+J21 -> 0.26682195 | K30: =+K21 -> 0.23416149 | L30: =+L21 -> 0.17619048 | M30: =M19 -> 0 | N30: =N19 -> 0 | O30: =O19 -> 0 | P30: =P19 -> 0 | Q30: =Q19 -> 0 | R30: =R19 -> 0 | S30: =S19 -> 0 | T30: =T19 -> 0 | ... AA30: =AA19 -> 0
D31: Porcentaje Acumulado (%) | F31: =+F30 -> 0.28115942 | G31: =+F31+G30 -> 0.29782609 | H31: =+G31+H30 -> 0.31449275 | I31: =+H31+I30 -> 0.32282609 | J31: =+I31+J30 -> 0.58964803 | K31: =+J31+K30 -> 0.82380952 | L31: =+K31+L30 -> 1 | M31: =+L31+M30 -> 1 | N31: =+M31+N30 -> 1 | ... AA31: =+Z31+AA30 -> 1
D32: Valores ya ejecutados | F32: =+F29 -> 2.2492754e+08 | G32: =+G29 -> 13333333 | H32: =+H29 -> 13333333 | I32: =+I29 -> 6666666.7 | J32: =+J29 -> 2.1345756e+08 | K32: =+K29 -> 1.8732919e+08 | L32: =+L29 -> 1.4095238e+08 | M32: =+M29 -> 0 | ... AA32: =+AA29 -> 0
D33: Porcentaje (%) PGAR | F33: =IFERROR(F32/$E$29,0) -> 0.28115942 | G33: =IFERROR(G32/$E$29,0) -> 0.016666667 | H33: =IFERROR(H32/$E$29,0) -> 0.016666667 | I33: =IFERROR(I32/$E$29,0) -> 0.0083333333 | J33: =IFERROR(J32/$E$29,0) -> 0.26682195 | K33: =IFERROR(K32/$E$29,0) -> 0.23416149 | L33: =IFERROR(L32/$E$29,0) -> 0.17619048 | M33: =IFERROR(M32/$E$29,0) -> 0 | ... AA33: =IFERROR(AA32/$E$29,0) -> 0
D34: Porcentaje Acumulado (%) PGAR | F34: =F33 -> 0.28115942 | G34: =F34+G33 -> 0.29782609 | H34: =G34+H33 -> 0.31449275 | I34: =H34+I33 -> 0.32282609 | J34: =I34+J33 -> 0.58964803 | K34: =J34+K33 -> 0.82380952 | L34: =K34+L33 -> 1 | M34: =L34+M33 -> 1 | N34: =M34+N33 -> 1 | ... AA34: =Z34+AA33 -> 1
D35: IVA EXCLUIBLE | F35: =+'Presupuesto Convenio otrosí'!H98*'Plan ejecución otrosi 2'!F30 -> 19615702 | G35: =+'Presupuesto Convenio otrosí'!H98*'Plan ejecución otrosi 2'!G30 -> 1162786.5 | H35: =+'Presupuesto Convenio otrosí'!H98*'Plan ejecución otrosi 2'!H30 -> 1162786.5 | I35: =+'Presupuesto Convenio otrosí'!H98*'Plan ejecución otrosi 2'!I30 -> 581393.23 | J35: =+'Presupuesto Convenio otrosí'!H98*'Plan ejecución otrosi 2'!J30 -> 18615417 | K35: =+'Presupuesto Convenio otrosí'!H98*'Plan ejecución otrosi 2'!K30 -> 16336789 | L35: =+'Presupuesto Convenio otrosí'!H98*'Plan ejecución otrosi 2'!L30 -> 12292314
D36: DESEMBOLSOS SIN IVA | F36: =+F29-F35 -> 2.0531183e+08 | G36: =+G29-G35 -> 12170547 | H36: =+H29-H35 -> 12170547 | I36: =+I29-I35 -> 6085273.4 | J36: =+J29-J35 -> 1.9484214e+08 | K36: =+K29-K35 -> 1.709924e+08 | L36: =+L29-L35 -> 1.2866007e+08
C39: PROGRAMACIÓN FINANCIERA EN CASO DE ADICIÓN DE RECURSOS O PRÓRROGA
C40: Valor total del contrato o convenio (incluida la adición) | D40: Valor total aportado por Corantioquia (incluida la adición) | E40: Distribución de recursos del valor aportado por Corantioquia
F41: Período 1 | G41: Período 2 | H41: Período 3 | I41: Período 4 | J41: Período 5 | K41: Período 8 | L41: Período 9 | M41: Período 10 | N41: Período 11 | O41: Período 12 | P41: Período 13 | Q41: Período 14 | R41: Período 15 | S41: Período 16 | T41: Período 17 | U41: Período 18 | V41: Período 19 | W41: Período 20 | X41: Período 21 | Y41: Período 22 | Z41: Período 23 | AA41: Período 24 | AB41: Total Valores
E42: Valores ya ejecutados | L42: =L32 -> 1.4095238e+08 | M42: =M32 -> 0 | N42: =N32 -> 0 | O42: =O32 -> 0 | P42: =P32 -> 0 | Q42: =Q32 -> 0 | R42: =R32 -> 0 | S42: =S32 -> 0 | ... AA42: =AA32 -> 0 | AB42: =SUM(F42:AA42) -> 1.4095238e+08
E43: Porcentaje (%) | F43: =IFERROR(F42/$D$42,0) -> 0 | G43: =IFERROR(G42/$D$42,0) -> 0 | H43: =IFERROR(H42/$D$42,0) -> 0 | I43: =IFERROR(I42/$D$42,0) -> 0 | J43: =IFERROR(J42/$D$42,0) -> 0 | K43: =IFERROR(K42/$D$42,0) -> 0 | L43: =IFERROR(L42/$D$42,0) -> 0 | M43: =IFERROR(M42/$D$42,0) -> 0 | ... AA43: =IFERROR(AA42/$D$42,0) -> 0
E44: Porcentaje Acumulado (%) | F44: =+F43 -> 0 | G44: =+F44+G43 -> 0 | H44: =+G44+H43 -> 0 | I44: =+H44+I43 -> 0 | J44: =+I44+J43 -> 0 | K44: =+J44+K43 -> 0 | L44: =+K44+L43 -> 0 | M44: =+L44+M43 -> 0 | N44: =+M44+N43 -> 0 | ... AA44: =+Z44+AA43 -> 0
E45: Valores por ejecutar | AB45: =SUM(F45:AA45) -> 0
E46: Porcentaje (%) | F46: =IFERROR(F45/$D$42,0) -> 0 | G46: =IFERROR(G45/$D$42,0) -> 0 | H46: =IFERROR(H45/$D$42,0) -> 0 | I46: =IFERROR(I45/$D$42,0) -> 0 | J46: =IFERROR(J45/$D$42,0) -> 0 | K46: =IFERROR(K45/$D$42,0) -> 0 | L46: =IFERROR(L45/$D$42,0) -> 0 | M46: =IFERROR(M45/$D$42,0) -> 0 | ... AA46: =IFERROR(AA45/$D$42,0) -> 0
E47: Porcentaje Acumulado (%) | F47: =+F46 -> 0 | G47: =+F47+G46 -> 0 | H47: =+G47+H46 -> 0 | I47: =+H47+I46 -> 0 | J47: =+I47+J46 -> 0 | K47: =+J47+K46 -> 0 | L47: =+K47+L46 -> 0 | M47: =+L47+M46 -> 0 | N47: =+M47+N46 -> 0 | ... AA47: =+Z47+AA46 -> 0
C48: PORCENTAJE ACUMULADO (%) TOTAL | F48: =F44+F47 -> 0 | G48: =G44+G47 -> 0 | H48: =H44+H47 -> 0 | I48: =I44+I47 -> 0 | J48: =J44+J47 -> 0 | K48: =K44+K47 -> 0 | L48: =L44+L47 -> 0 | M48: =M44+M47 -> 0 | ... AA48: =AA44+AA47 -> 0 | AB48: =IFERROR((AB42+AB45)/D42,0) -> 0
AB50: =AB42+AB45 -> 1.4095238e+08 | AC50: =D42-AB50 -> -1.4095238e+08
D52: Nota el aporte de Corantioquia incluye el valor del IVA, es importante señalar que los desembolsos seran girados al municipio sin el valor del IVA sometido a trámite de exclusión de IVA
B57: GERENTE PROGRAMA | G57: COORDINADOR GIT

Sheet Plan ejecución otrosi 1
C1: SISTEMA DE GESTIÓN INTEGRAL - SGI | AB1: Instructivo
C2: COMPONENTE FINANCIERO EP - PLAN DE EJECUCIÓN FÍSICA Y DE INVERSIONES
C3: CÓDIGO: F-PGC-21 | G3: =[72]Instructivo!G3 -> VERSIÓN: 03
A4: MODALIDAD DE CONTRATACIÓN: | C4: CONTRATACIÓN DIRECTA | AB4: =C4 -> CONTRATACIÓN DIRECTA
A5: OBJETO A CONTRATAR: | C5: “Fortalecer el gobierno propio y la garantía de los derechos de los consejos comunitarios afrodescendientes de la jurisdicción de Corantioquia a través del saneamiento hídrico rural de sus territorios" | AB5: =C5 -> “Fortalecer el gobierno propio y la garantía de los derechos de los consejos comunitarios afrodescendientes de la jurisdicción de Corantioquia a través del saneamiento hídrico rural de sus territorios"
A7: CONTRATISTA/CONVENIANTE: | C7: Consejo San Andrés
A8: NOMBRE DEL TÉCNICO (A): | C8: EL DESIGNADO POR EL ORDENADOR DEL GASTO
A9: DURACIÓN Y/O PLAZO DEL CONTRATO (MESES): | C9: 6 meses
A10: PERIODO DE PROGRAMACIÓN Y SEGUIMIENTO: | C10: mensual
A12: PROGRAMACIÓN FÍSICA
B13: Descripción | C13: % de importancia | D13: Unidad de medida | E13: Cantidad Programada | F13: Distribución física
F14: Período 1 | G14: Período 2 | H14: Período 3 | I14: Período 4 | J14: Período 5 | K14: Período 6 | L14: Período 9 | M14: Período 10 | N14: Período 11 | O14: Período 12 | P14: Período 13 | Q14: Período 14 | R14: Período 15 | S14: Período 16 | T14: Período 17 | U14: Período 18 | V14: Período 19 | W14: Período 20 | X14: Período 21 | Y14: Período 22 | Z14: Período 23 | AA14: Período 24
A15: Alcance 1 | B15: Garantizar el suministro, transporte e instalación de los sistemas sépticos acordados en este contrato con su respectiva apropiación tecnológica y demás actividades que permitan la correcta ejecución de los mismos. Este alcance implica que el contratista despliegue las actuaciones necesarias tendientes a la contratación del suministro, transporte e instalación de los sistemas de tratamiento de ARD y respectivos accesorios. | C15: =+SUM(C16:C20) -> 1 | L15: =+#REF! -> #REF! | M15: =+#REF! -> #REF! | N15: =+#REF! -> #REF! | O15: =+#REF! -> #REF! | P15: =+#REF! -> #REF! | Q15: =+#REF! -> #REF! | R15: =+#REF! -> #REF! | S15: =+#REF! -> #REF! | ... AA15: =+#REF! -> #REF! | AB15: =+E15-SUM(F15:K15) -> 0
A16: Actividad 1 | B16: Realizar proceso de contratación para ejecutar las actividades del convenio | C16: 0.25 | D16: Contrato | E16: 1 | F16: 1
A17: Actividad 2 | B17: Realización pruebas de percolación | C17: 0.1 | D17: Pruebas | E17: 69 | F17: 10 | G17: 10 | H17: 10 | I17: 10 | J17: 9 | K17: 20
A18: Actividad 3 | B18: Encuentros de apropiación técnologica | C18: 0.05 | D18: Encuentros | E18: 3 | I18: 1 | J18: 1 | K18: 1
A19: Actividad 4 | B19: Instalación de sistemas sépticos individuales | C19: 0.5 | D19: Tanques sépticos | E19: 70 | I19: 40 | J19: 20 | K19: 10 | L19: =IFERROR(((#REF!/#REF!)*#REF!),0) -> 0 | M19: =IFERROR(((#REF!/#REF!)*#REF!),0) -> 0 | N19: =IFERROR(((#REF!/#REF!)*#REF!),0) -> 0 | O19: =IFERROR(((#REF!/#REF!)*#REF!),0) -> 0 | P19: =IFERROR(((#REF!/#REF!)*#REF!),0) -> 0 | Q19: =IFERROR(((#REF!/#REF!)*#REF!),0) -> 0 | R19: =IFERROR(((#REF!/#REF!)*#REF!),0) -> 0 | S19: =IFERROR(((#REF!/#REF!)*#REF!),0) -> 0 | ... AA19: =IFERROR(((#REF!/#REF!)*#REF!),0) -> 0
A20: Actividad 6 | B20: Informes de avance e informe final | C20: 0.1 | D20: Informes | E20: 6 | F20: 1 | G20: 1 | H20: 1 | I20: 1 | J20: 1 | K20: 1 | L20: =L19+K20 -> 1 | M20: =M19+L20 -> 1 | N20: =N19+M20 -> 1 | O20: =O19+N20 -> 1 | P20: =P19+O20 -> 1 | Q20: =Q19+P20 -> 1 | R20: =R19+Q20 -> 1 | S20: =S19+R20 -> 1 | ... AA20: =AA19+Z20 -> 1
A21: TOTAL | F21: =IF(ISERROR((F$16/$E$16)*$C$16),0,(F$16/$E$16)*$C$16)+IF(ISERROR((F$17/$E$17)*$C$17),0,(F$17/$E$17)*$C$17)+IF(ISERROR((F$18/$E$18)*$C$18),0,(F$18/$E$18)*$C$18)+IF(ISERROR((F$19/$E$19)*$C$19),0,(F$19/$E$19)*$C$19)+IF(ISERROR((F$20/$E$20)*$C$20),0,(F$20/$E$20)*$C$20) -> 0.28115942 | G21: =IF(ISERROR((G$16/$E$16)*$C$16),0,(G$16/$E$16)*$C$16)+IF(ISERROR((G$17/$E$17)*$C$17),0,(G$17/$E$17)*$C$17)+IF(ISERROR((G$18/$E$18)*$C$18),0,(G$18/$E$18)*$C$18)+IF(ISERROR((G$19/$E$19)*$C$19),0,(G$19/$E$19)*$C$19)+IF(ISERROR((G$20/$E$20)*$C$20),0,(G$20/$E$20)*$C$20) -> 0.03115942 | H21: =IF(ISERROR((H$16/$E$16)*$C$16),0,(H$16/$E$16)*$C$16)+IF(ISERROR((H$17/$E$17)*$C$17),0,(H$17/$E$17)*$C$17)+IF(ISERROR((H$18/$E$18)*$C$18),0,(H$18/$E$18)*$C$18)+IF(ISERROR((H$19/$E$19)*$C$19),0,(H$19/$E$19)*$C$19)+IF(ISERROR((H$20/$E$20)*$C$20),0,(H$20/$E$20)*$C$20) -> 0.03115942 | I21: =IF(ISERROR((I$16/$E$16)*$C$16),0,(I$16/$E$16)*$C$16)+IF(ISERROR((I$17/$E$17)*$C$17),0,(I$17/$E$17)*$C$17)+IF(ISERROR((I$18/$E$18)*$C$18),0,(I$18/$E$18)*$C$18)+IF(ISERROR((I$19/$E$19)*$C$19),0,(I$19/$E$19)*$C$19)+IF(ISERROR((I$20/$E$20)*$C$20),0,(I$20/$E$20)*$C$20) -> 0.33354037 | J21: =IF(ISERROR((J$16/$E$16)*$C$16),0,(J$16/$E$16)*$C$16)+IF(ISERROR((J$17/$E$17)*$C$17),0,(J$17/$E$17)*$C$17)+IF(ISERROR((J$18/$E$18)*$C$18),0,(J$18/$E$18)*$C$18)+IF(ISERROR((J$19/$E$19)*$C$19),0,(J$19/$E$19)*$C$19)+IF(ISERROR((J$20/$E$20)*$C$20),0,(J$20/$E$20)*$C$20) -> 0.18923395 | K21: =IF(ISERROR((K$16/$E$16)*$C$16),0,(K$16/$E$16)*$C$16)+IF(ISERROR((K$17/$E$17)*$C$17),0,(K$17/$E$17)*$C$17)+IF(ISERROR((K$18/$E$18)*$C$18),0,(K$18/$E$18)*$C$18)+IF(ISERROR((K$19/$E$19)*$C$19),0,(K$19/$E$19)*$C$19)+IF(ISERROR((K$20/$E$20)*$C$20),0,(K$20/$E$20)*$C$20) -> 0.13374741
A22: ACUMULADO | F22: =+F21 -> 0.28115942 | G22: =+F22+G21 -> 0.31231884 | H22: =+G22+H21 -> 0.34347826 | I22: =+H22+I21 -> 0.67701863 | J22: =+I22+J21 -> 0.86625259 | K22: =+J22+K21 -> 1
D26: PROGRAMACIÓN FINANCIERA INICIAL
D27: Valor del contrato o convenio | E27: Valor aportado por Corantioquia CON IVA | F27: Distribución de recursos del valor aportado por Corantioquia
F28: Período 1 | G28: Período 2 | H28: Período 3 | I28: Período 4 | J28: Período 5 | K28: Período 6 | L28: Período 9 | M28: Período 10 | N28: Período 11 | O28: Período 12 | P28: Período 13 | Q28: Período 14 | R28: Período 15 | S28: Período 16 | T28: Período 17 | U28: Período 18 | V28: Período 19 | W28: Período 20 | X28: Período 21 | Y28: Período 22 | Z28: Período 23 | AA28: Período 24
D29: =+'Presupuesto Convenio otrosí'!D209 -> 800000000 | E29: =+D29 -> 800000000 | F29: =+E$29*F21 -> 2.2492754e+08 | G29: =+E$29*G21 -> 24927536 | H29: =+E$29*H21 -> 24927536 | I29: =+E$29*I21 -> 2.668323e+08 | J29: =+E$29*J21 -> 1.5138716e+08 | K29: =+E$29*K21 -> 1.0699793e+08 | L29: =+K29*L21 -> 0 | M29: =+L29*M21 -> 0 | N29: =+M29*N21 -> 0 | O29: =+N29*O21 -> 0 | P29: =+O29*P21 -> 0 | Q29: =+P29*Q21 -> 0 | R29: =+Q29*R21 -> 0 | S29: =+R29*S21 -> 0 | ... AA29: =+Z29*AA21 -> 0
D30: Porcentaje (%) | F30: =+F21 -> 0.28115942 | G30: =+G21 -> 0.03115942 | H30: =+H21 -> 0.03115942 | I30: =+I21 -> 0.33354037 | J30: =+J21 -> 0.18923395 | K30: =+K21 -> 0.13374741 | L30: =L19 -> 0 | M30: =M19 -> 0 | N30: =N19 -> 0 | O30: =O19 -> 0 | P30: =P19 -> 0 | Q30: =Q19 -> 0 | R30: =R19 -> 0 | S30: =S19 -> 0 | ... AA30: =AA19 -> 0
D31: Porcentaje Acumulado (%) | F31: =+F30 -> 0.28115942 | G31: =+F31+G30 -> 0.31231884 | H31: =+G31+H30 -> 0.34347826 | I31: =+H31+I30 -> 0.67701863 | J31: =+I31+J30 -> 0.86625259 | K31: =+J31+K30 -> 1 | L31: =+K31+L30 -> 1 | M31: =+L31+M30 -> 1 | N31: =+M31+N30 -> 1 | ... AA31: =+Z31+AA30 -> 1
D32: Valores ya ejecutados | F32: =+F29 -> 2.2492754e+08 | G32: =+G29 -> 24927536 | H32: =+H29 -> 24927536 | I32: =+I29 -> 2.668323e+08 | J32: =+J29 -> 1.5138716e+08 | K32: =+K29 -> 1.0699793e+08 | L32: =+L29 -> 0 | M32: =+M29 -> 0 | ... AA32: =+AA29 -> 0
D33: Porcentaje (%) PGAR | F33: =IFERROR(F32/$E$29,0) -> 0.28115942 | G33: =IFERROR(G32/$E$29,0) -> 0.03115942 | H33: =IFERROR(H32/$E$29,0) -> 0.03115942 | I33: =IFERROR(I32/$E$29,0) -> 0.33354037 | J33: =IFERROR(J32/$E$29,0) -> 0.18923395 | K33: =IFERROR(K32/$E$29,0) -> 0.13374741 | L33: =IFERROR(L32/$E$29,0) -> 0 | M33: =IFERROR(M32/$E$29,0) -> 0 | ... AA33: =IFERROR(AA32/$E$29,0) -> 0
D34: Porcentaje Acumulado (%) PGAR | F34: =F33 -> 0.28115942 | G34: =F34+G33 -> 0.31231884 | H34: =G34+H33 -> 0.34347826 | I34: =H34+I33 -> 0.67701863 | J34: =I34+J33 -> 0.86625259 | K34: =J34+K33 -> 1 | L34: =K34+L33 -> 1 | M34: =L34+M33 -> 1 | N34: =M34+N33 -> 1 | ... AA34: =Z34+AA33 -> 1
D35: IVA EXCLUIBLE | F35: =+'Presupuesto Convenio otrosí'!H98*'Plan ejecución otrosi 1'!F30 -> 19615702 | G35: =+'Presupuesto Convenio otrosí'!H98*'Plan ejecución otrosi 1'!G30 -> 2173905.1 | H35: =+'Presupuesto Convenio otrosí'!H98*'Plan ejecución otrosi 1'!H30 -> 2173905.1 | I35: =+'Presupuesto Convenio otrosí'!H98*'Plan ejecución otrosi 1'!I30 -> 23270174 | J35: =+'Presupuesto Convenio otrosí'!H98*'Plan ejecución otrosi 1'!J30 -> 13202321 | K35: =+'Presupuesto Convenio otrosí'!H98*'Plan ejecución otrosi 1'!K30 -> 9331180.8
D36: DESEMBOLSOS SIN IVA | F36: =+F29-F35 -> 2.0531183e+08 | G36: =+G29-G35 -> 22753631 | H36: =+H29-H35 -> 22753631 | I36: =+I29-I35 -> 2.4356212e+08 | J36: =+J29-J35 -> 1.3818484e+08 | K36: =+K29-K35 -> 97666749
C39: PROGRAMACIÓN FINANCIERA EN CASO DE ADICIÓN DE RECURSOS O PRÓRROGA
C40: Valor total del contrato o convenio (incluida la adición) | D40: Valor total aportado por Corantioquia (incluida la adición) | E40: Distribución de recursos del valor aportado por Corantioquia
F41: Período 1 | G41: Período 2 | H41: Período 3 | I41: Período 4 | J41: Período 5 | K41: Período 8 | L41: Período 9 | M41: Período 10 | N41: Período 11 | O41: Período 12 | P41: Período 13 | Q41: Período 14 | R41: Período 15 | S41: Período 16 | T41: Período 17 | U41: Período 18 | V41: Período 19 | W41: Período 20 | X41: Período 21 | Y41: Período 22 | Z41: Período 23 | AA41: Período 24 | AB41: Total Valores
E42: Valores ya ejecutados | L42: =L32 -> 0 | M42: =M32 -> 0 | N42: =N32 -> 0 | O42: =O32 -> 0 | P42: =P32 -> 0 | Q42: =Q32 -> 0 | R42: =R32 -> 0 | S42: =S32 -> 0 | ... AA42: =AA32 -> 0 | AB42: =SUM(F42:AA42) -> 0
E43: Porcentaje (%) | F43: =IFERROR(F42/$D$42,0) -> 0 | G43: =IFERROR(G42/$D$42,0) -> 0 | H43: =IFERROR(H42/$D$42,0) -> 0 | I43: =IFERROR(I42/$D$42,0) -> 0 | J43: =IFERROR(J42/$D$42,0) -> 0 | K43: =IFERROR(K42/$D$42,0) -> 0 | L43: =IFERROR(L42/$D$42,0) -> 0 | M43: =IFERROR(M42/$D$42,0) -> 0 | ... AA43: =IFERROR(AA42/$D$42,0) -> 0
E44: Porcentaje Acumulado (%) | F44: =+F43 -> 0 | G44: =+F44+G43 -> 0 | H44: =+G44+H43 -> 0 | I44: =+H44+I43 -> 0 | J44: =+I44+J43 -> 0 | K44: =+J44+K43 -> 0 | L44: =+K44+L43 -> 0 | M44: =+L44+M43 -> 0 | N44: =+M44+N43 -> 0 | ... AA44: =+Z44+AA43 -> 0
E45: Valores por ejecutar | AB45: =SUM(F45:AA45) -> 0
E46: Porcentaje (%) | F46: =IFERROR(F45/$D$42,0) -> 0 | G46: =IFERROR(G45/$D$42,0) -> 0 | H46: =IFERROR(H45/$D$42,0) -> 0 | I46: =IFERROR(I45/$D$42,0) -> 0 | J46: =IFERROR(J45/$D$42,0) -> 0 | K46: =IFERROR(K45/$D$42,0) -> 0 | L46: =IFERROR(L45/$D$42,0) -> 0 | M46: =IFERROR(M45/$D$42,0) -> 0 | ... AA46: =IFERROR(AA45/$D$42,0) -> 0
E47: Porcentaje Acumulado (%) | F47: =+F46 -> 0 | G47: =+F47+G46 -> 0 | H47: =+G47+H46 -> 0 | I47: =+H47+I46 -> 0 | J47: =+I47+J46 -> 0 | K47: =+J47+K46 -> 0 | L47: =+K47+L46 -> 0 | M47: =+L47+M46 -> 0 | N47: =+M47+N46 -> 0 | ... AA47: =+Z47+AA46 -> 0
C48: PORCENTAJE ACUMULADO (%) TOTAL | F48: =F44+F47 -> 0 | G48: =G44+G47 -> 0 | H48: =H44+H47 -> 0 | I48: =I44+I47 -> 0 | J48: =J44+J47 -> 0 | K48: =K44+K47 -> 0 | L48: =L44+L47 -> 0 | M48: =M44+M47 -> 0 | ... AA48: =AA44+AA47 -> 0 | AB48: =IFERROR((AB42+AB45)/D42,0) -> 0
AB50: =AB42+AB45 -> 0 | AC50: =D42-AB50 -> 0
D52: Nota el aporte de Corantioquia incluye el valor del IVA, es importante señalar que los desembolsos seran girados al municipio sin el valor del IVA sometido a trámite de exclusión de IVA
B57: GERENTE PROGRAMA | G57: COORDINADOR GIT

Sheet Presupuesto Convenio otrosí
D2: PRESUPUESTO OFICIAL ESTUDIOS PREVIOS CONVENIO INTERADMINISTRATIVO “Fortalecer el gobierno propio y la garantía de los derechos de los consejos comunitarios afrodescendientes de la jurisdicción de Corantioquia a través del saneamiento hídrico rural de sus territorios" MODALIDAD DE SELECCIÓN - OBJETO Contratación directa
B5: 1. COSTOS DE PERSONAL
B6: ÍTEM | C6: CANTIDAD | D6: DEDICACION (%) | E6: UNIDAD DE MEDIDA | F6: CANTIDAD UNIDAD DE MEDIDA | G6: VALOR UNITARIO | H6: VALOR TOTAL
B7: Mano de Obra Calificada
H10: =+C10*D10*F10*G10*#REF! -> #REF!
B11: Subtotal Mano de Obra calificada | H11: =SUM(H8:H10) -> #REF!
B12: Mano de Obra No Calificada
H13: =+C13*D13*F13*G13*#REF! -> #REF!
H14: =+C14*D14*F14*G14*#REF! -> #REF!
B15: Subtotal Mano de Obra No Calificada | H15: =SUM(H13:H14) -> #REF!
B16: SUBTOTAL PERSONAL (Mano de Obra Calificada + Mano de Obra no Calificada)
B18: 2. COSTOS DIRECTOS
B19: ÍTEM | E19: UNIDAD DE MEDIDA | G19: CANTIDAD UNIDAD DE MEDIDA | H19: VALOR TOTAL
B20: Subtotal instalación:
B21: Excavación manual en material común hasta 4 m de profundidad, bajo cualquier grado de humedad | E21: m3 | G21: =+'Presupuesto El Bagre'!G7+'Presupuesto Caucasia'!G20+'Presupuesto Sopetran'!G21 -> 751.5 | H21: =+'Presupuesto El Bagre'!I7+'Presupuesto Caucasia'!I20+'Presupuesto Sopetran'!I21 -> 21051890
B22: Excavación en roca a cualquier profundidad | E22: m3 | G22: =+'Presupuesto El Bagre'!G8+'Presupuesto Caucasia'!G21+'Presupuesto Sopetran'!G22 -> 6.7 | H22: =+'Presupuesto El Bagre'!I8+'Presupuesto Caucasia'!I21+'Presupuesto Sopetran'!I22 -> 975839.87
B23: Lleno y apisonado de zanjas y apiques con material selecto de la excavación, incluye acarreo interno | E23: m3 | G23: =+'Presupuesto El Bagre'!G9+'Presupuesto Caucasia'!G22+'Presupuesto Sopetran'!G23 -> 536.5 | H23: =+'Presupuesto El Bagre'!I9+'Presupuesto Caucasia'!I22+'Presupuesto Sopetran'!I23 -> 12524217
B24: Regada de material proveniente de la excavación y conformación del terreno | E24: m3 | G24: =+'Presupuesto El Bagre'!G10+'Presupuesto Caucasia'!G23+'Presupuesto Sopetran'!G24 -> 215 | H24: =+'Presupuesto El Bagre'!I10+'Presupuesto Caucasia'!I23+'Presupuesto Sopetran'!I24 -> 602282.94
B25: I. Tubería pvc-s de ø2" (50 mm). Efluente+purga. incluye accesorios. | E25: m | G25: =+'Presupuesto El Bagre'!G11+'Presupuesto Caucasia'!G24+'Presupuesto Sopetran'!G25 -> 565 | H25: =+'Presupuesto El Bagre'!I11+'Presupuesto Caucasia'!I24+'Presupuesto Sopetran'!I25 -> 2308964.6
B26: I. Tubería pvc-s de ø3" (75 mm). Incluye accesorios | E26: m | G26: =+'Presupuesto El Bagre'!G12+'Presupuesto Caucasia'!G25+'Presupuesto Sopetran'!G26 -> 1160 | H26: =+'Presupuesto El Bagre'!I12+'Presupuesto Caucasia'!I25+'Presupuesto Sopetran'!I26 -> 5925661.3
B27: I. Tubería pvc-s de ø2" (50 mm). Trampa de grasas.Incluye accesorios | E27: m | G27: =+'Presupuesto El Bagre'!G13+'Presupuesto Caucasia'!G26+'Presupuesto Sopetran'!G27 -> 1160 | H27: =+'Presupuesto El Bagre'!I13+'Presupuesto Caucasia'!I26+'Presupuesto Sopetran'!I27 -> 4740529.1
B28: I. De sifón S.R. De 135° en pvc-s ø3" para control de olores | E28: un | G28: =+'Presupuesto El Bagre'!G14+'Presupuesto Caucasia'!G27+'Presupuesto Sopetran'!G28 -> 70 | H28: =+'Presupuesto El Bagre'!I14+'Presupuesto Caucasia'!I27+'Presupuesto Sopetran'!I28 -> 470050.88
B29: I. De sifón S.R. De 135° en pvc-s ø4" para control de olores | E29: un | G29: =+'Presupuesto El Bagre'!G15+'Presupuesto Caucasia'!G28+'Presupuesto Sopetran'!G29 -> 0 | H29: =+'Presupuesto El Bagre'!I15+'Presupuesto Caucasia'!I28+'Presupuesto Sopetran'!I29 -> 0
B30: I. Sistema séptico y FAFA prefabricado en P.R.F.V (Poliéster Reforzado Con Fibra De Vidrio) con capacidad para atender una población entre tres a nueve (3 a 9) habitantes, (incluye: accesorios internos, material filtrante para el FAFA que garanticen un área superficial de contacto ≥ 90m2/m3, tubería de PVC-S ø2" con accesorios y malla mosquitera doble. Volumen de 1,500-1,800 litros. | E30: un | G30: =+'Presupuesto El Bagre'!G16+'Presupuesto Caucasia'!G29+'Presupuesto Sopetran'!G30 -> 70 | H30: =+'Presupuesto El Bagre'!I16+'Presupuesto Caucasia'!I29+'Presupuesto Sopetran'!I30 -> 32009372
B31: I.Trampa de grasas prefabricada en P.R.F.V (Poliéster Reforzado con Fibra De Vidrio) con capacidad para atender una población de tres a nueve (3 a 9) habitantes. | E31: un | G31: =+'Presupuesto El Bagre'!G17+'Presupuesto Caucasia'!G30+'Presupuesto Sopetran'!G31 -> 95 | H31: =+'Presupuesto El Bagre'!I17+'Presupuesto Caucasia'!I30+'Presupuesto Sopetran'!I31 -> 6379261.9
B32: I. Sistema séptico y FAFA prefabricado en P.R.F.V (Poliéster Reforzado Con Fibra De Vidrio) con capacidad para atender una población de diez a quince (10 a 15) habitantes, (incluye: accesorios internos, material filtrante para el FAFA que garanticen un área superficial de contacto ≥ 90m2/m3, tubería de PVC-S ø2" con accesorios y malla mosquitera doble. Volumen de 2,300-2,500 litros. | E32: un | G32: =+'Presupuesto El Bagre'!G18+'Presupuesto Caucasia'!G31+'Presupuesto Sopetran'!G32 -> 0 | H32: =+'Presupuesto El Bagre'!I18+'Presupuesto Caucasia'!I31+'Presupuesto Sopetran'!I32 -> 0
... B58: I. Tubería perforada para pozo de infiltración, (incluye accesorios) PVC-S Ø2" | E58: m | G58: =+'Presupuesto El Bagre'!G44+'Presupuesto Caucasia'!G57+'Presupuesto Sopetran'!G58 -> 207 | H58: =+'Presupuesto El Bagre'!I44+'Presupuesto Caucasia'!I57+'Presupuesto Sopetran'!I58 -> 1566554.1
B59: .I. Pntura epóxica para protección de tuberia expuesta | E59: gal | G59: =+'Presupuesto El Bagre'!G45+'Presupuesto Caucasia'!G58+'Presupuesto Sopetran'!G59 -> 3 | H59: =+'Presupuesto El Bagre'!I45+'Presupuesto Caucasia'!I58+'Presupuesto Sopetran'!I59 -> 7781.4333 | L59: nota; de aquí para arriba presupuesta instalación
B60: Subtotal suministros: | G60: =+'Presupuesto El Bagre'!G46+'Presupuesto Caucasia'!G59+'Presupuesto Sopetran'!G60 -> 0 | H60: =+'Presupuesto El Bagre'!I46+'Presupuesto Caucasia'!I59+'Presupuesto Sopetran'!I60 -> 0
B61: S.T. Tubería pvc-s de ø2" (50 mm) incluye accesorios. (ver A.P.U) | E61: m | G61: =+'Presupuesto El Bagre'!G47+'Presupuesto Caucasia'!G60+'Presupuesto Sopetran'!G61 -> 565 | H61: =+'Presupuesto El Bagre'!I47+'Presupuesto Caucasia'!I60+'Presupuesto Sopetran'!I61 -> 20750569
B62: S.T. Tubería pvc-s de ø3" (75 mm). Incluye accesorios (ver A.P.U) | E62: m | G62: =+'Presupuesto El Bagre'!G48+'Presupuesto Caucasia'!G61+'Presupuesto Sopetran'!G62 -> 1160 | H62: =+'Presupuesto El Bagre'!I48+'Presupuesto Caucasia'!I61+'Presupuesto Sopetran'!I62 -> 35938231
B63: S.T. Tubería pvc-s de ø2" (50 mm). Trampa de grasa. Incluye accesorios | E63: m | G63: =+'Presupuesto El Bagre'!G49+'Presupuesto Caucasia'!G62+'Presupuesto Sopetran'!G63 -> 1160 | H63: =+'Presupuesto El Bagre'!I49+'Presupuesto Caucasia'!I62+'Presupuesto Sopetran'!I63 -> 26846470
B64: S.T. De sifón s.r. De 135° en pvc-s ø3" para control de olores (ver A.P.U) | E64: un | G64: =+'Presupuesto El Bagre'!G50+'Presupuesto Caucasia'!G63+'Presupuesto Sopetran'!G64 -> 70 | H64: =+'Presupuesto El Bagre'!I50+'Presupuesto Caucasia'!I63+'Presupuesto Sopetran'!I64 -> 3306915.5
B65: S.T. De sifón s.r. De 135° en pvc-s ø4" para control de olores (ver A.P.U) | E65: un | G65: =+'Presupuesto El Bagre'!G51+'Presupuesto Caucasia'!G64+'Presupuesto Sopetran'!G65 -> 0 | H65: =+'Presupuesto El Bagre'!I51+'Presupuesto Caucasia'!I64+'Presupuesto Sopetran'!I65 -> 0
B66: S.T. Sistema séptico y FAFA prefabricado en P.R.F.V (Poliéster Reforzado Con Fibra De Vidrio) con capacidad para atender una población entre 3 a nueve (3 a 9) habitantes, (incluye: accesorios internos, material filtrante para el FAFA que garanticen un área superficial de contacto ≥ 90m2/m3, tubería de PVC-S ø2" con accesorios y malla mosquitera doble. Volumen de 1,500-1,800 litros. | E66: un | G66: =+'Presupuesto El Bagre'!G52+'Presupuesto Caucasia'!G65+'Presupuesto Sopetran'!G66 -> 70 | H66: =+'Presupuesto El Bagre'!I52+'Presupuesto Caucasia'!I65+'Presupuesto Sopetran'!I66 -> 2.7707376e+08
B67: S.T trampa de grasas prefabricada en P.R.F.V (Poliéster Reforzado con Fibra De Vidrio) con capacidad para atender una población de tres a nueve (3 a 9) habitantes | E67: un | G67: =+'Presupuesto El Bagre'!G53+'Presupuesto Caucasia'!G66+'Presupuesto Sopetran'!G67 -> 95 | H67: =+'Presupuesto El Bagre'!I53+'Presupuesto Caucasia'!I66+'Presupuesto Sopetran'!I67 -> 1.0425139e+08
B68: S.T. Sistema séptico y FAFA prefabricado en P.R.F.V (Poliéster Reforzado Con Fibra De Vidrio) con capacidad para atender una población de diez a quince (10 a 15) habitantes, (incluye: accesorios internos, material filtrante para el FAFA que garanticen un área superficial de contacto ≥ 90m2/m3, tubería de PVC-S ø2" con accesorios y malla mosquitera doble. Volumen de 2,300-2,500 litros. | E68: un | G68: =+'Presupuesto El Bagre'!G54+'Presupuesto Caucasia'!G67+'Presupuesto Sopetran'!G68 -> 0 | H68: =+'Presupuesto El Bagre'!I54+'Presupuesto Caucasia'!I67+'Presupuesto Sopetran'!I68 -> 0
B69: S.T trampa de grasas prefabricado en P.R.F.V(Poliéster Reforzado con Fibra De Vidrio) con capacidad para atender una población de diez a quince (10 a 15) habitantes | E69: un | G69: =+'Presupuesto El Bagre'!G55+'Presupuesto Caucasia'!G68+'Presupuesto Sopetran'!G69 -> 0 | H69: =+'Presupuesto El Bagre'!I55+'Presupuesto Caucasia'!I68+'Presupuesto Sopetran'!I69 -> 0
B70: S.T. Sistema séptico y FAFA prefabricado en P.R.F.V (Poliéster Reforzado Con Fibra De Vidrio) con capacidad para atender una población de dieciséis a veinte (16 a 20) habitantes, (incluye: accesorios internos, material filtrante para el FAFA que garanticen un área superficial de contacto ≥ 90m2/m3, tubería de PVC-S ø2" con accesorios y malla mosquitera doble. Volumen de 3,000-3,300 litros. | E70: un | G70: =+'Presupuesto El Bagre'!G56+'Presupuesto Caucasia'!G69+'Presupuesto Sopetran'!G70 -> 0 | H70: =+'Presupuesto El Bagre'!I56+'Presupuesto Caucasia'!I69+'Presupuesto Sopetran'!I70 -> 0
B71: S.T trampa de grasas prefabricado en P.R.F.V (Poliéster Reforzado con Fibra De Vidrio) con capacidad para atender una población de dieciséis a veinte (16 a 20) habitantes | E71: un | G71: =+'Presupuesto El Bagre'!G57+'Presupuesto Caucasia'!G70+'Presupuesto Sopetran'!G71 -> 0 | H71: =+'Presupuesto El Bagre'!I57+'Presupuesto Caucasia'!I70+'Presupuesto Sopetran'!I71 -> 0
B72: S.T. sistema séptico y FAFA prefabricado en P.R.F.V (Poliéster Reforzado Con Fibra De Vidrio) con capacidad para atender una población de veintI uno a treinta (21 a 30) habitantes, (incluye: accesorios internos, material filtrante para el FAFA que garanticen un área superficial de contacto ≥ 90m2/m3, tubería de PVC-S ø2" con accesorios y malla mosquitera doble. Volumen de 4,500-5,000 litros. | E72: un | G72: =+'Presupuesto El Bagre'!G58+'Presupuesto Caucasia'!G71+'Presupuesto Sopetran'!G72 -> 0 | H72: =+'Presupuesto El Bagre'!I58+'Presupuesto Caucasia'!I71+'Presupuesto Sopetran'!I72 -> 0
... B95: T.I. Pntura epóxica para protección de tuberia expuesta | E95: gal | G95: =+'Presupuesto El Bagre'!G81+'Presupuesto Caucasia'!G94+'Presupuesto Sopetran'!G95 -> 3 | H95: =+'Presupuesto El Bagre'!I81+'Presupuesto Caucasia'!I94+'Presupuesto Sopetran'!I95 -> 631599.9
B96: VALORES REFERENTES AL SUMINISTRO, TRANSPORTE E INSTALACIÓN DE SISTEMAS SÉPTICOS
B97: SUBTOTAL COSTOS DIRECTOS + MANO DE OBRA NO CALIFICADA | H97: =+SUM(H21:H95) -> 6.3700408e+08 | V97: =+H97-556641469 -> 80362608
B98: IVA EXCLUIBLE | H98: =+'Presupuesto El Bagre'!I83+'Presupuesto Caucasia'!I96+'Presupuesto Sopetran'!I98 -> 69767188
B99: TOTAL SIN IVA EXCLUIBLE | H99: =+H97-H98 -> 5.6723689e+08
T101: 8 | U101: =ROUNDUP(E125*T101,0) -> #REF!
T102: TOTAL | U102: =SUM(U101:U101) -> #REF!
D105: 20% del total
B106: Total Afro | C106: =+D106 -> #REF! | D106: =+#REF! -> #REF!
B107: Menos permiso de vertimiento
B108: Total sin PV | C108: =C106-C107 -> #REF! | D108: =C109+C110 -> 4923000 | E108: Buscar objetivo
B109: Valor x | C109: 3938400 | D109: Valor a aportar F119 | E109: Organizando C142
B110: Valor X*25% | C110: =C109*25% -> 984600
B113: CHEQUEO DE COSTOS UNITARIOS PARA VIABILIDAD DEL PROYECTO
B115: No. de tanques proyecto | C115: =#REF! -> #REF!
B117: Capacidad tanque | C117: Tipo tanque | D117: Valor unitario | E117: Cantidad tanques proyecto | F117: Costo total con valor unitario | G117: Peso o importancia | H117: Valor promedio tanque proyecto | J117: Vp > Vu | K117: Equivalencia con valor unitario (No. de tanques) | L117: Cantidad Tanques proyecto
B118: Sistema séptico y FAFA prefabricado en P.R.F.V (Poliéster Reforzado Con Fibra De Vidrio) con capacidad para atender una población de hasta diez (10) habitantes | C118: A | E118: =#REF! -> #REF! | F118: =E118*D118 -> #REF! | G118: =F118/$F$126 -> #REF! | H118: =IF(E118>0,#REF!/E118," ") -> #REF! | J118: =IF(#REF!>D118,"SI","NO") -> #REF! | K118: =ROUNDDOWN(#REF!/D118,0) -> #REF! | L118: =+'[73]FICHAS '!O$106 -> 0 | M118: =+D118*L118 -> 0
B119: Sistema séptico y FAFA prefabricado en P.R.F.V (Poliéster Reforzado Con Fibra De Vidrio) con capacidad para atender una población de diez a quince (10 a 15) habitantes | C119: B | E119: =#REF! -> #REF! | F119: =E119*D119 -> #REF! | G119: =F119/$F$126 -> #REF! | H119: =IF(E119>0,#REF!/E119," ") -> #REF! | J119: =IF(#REF!>D119,"SI","NO") -> #REF! | K119: =ROUNDDOWN(#REF!/D119,0) -> #REF! | L119: =+'[73]FICHAS '!P106 -> 0 | M119: =+D119*L119 -> 0
B120: Sistema séptico y FAFA prefabricado en P.R.F.V (Poliéster Reforzado Con Fibra De Vidrio) con capacidad para atender una población de quince a veinte (15 a 20) habitantes | C120: C | E120: =#REF! -> #REF! | F120: =E120*D120 -> #REF! | G120: =F120/$F$126 -> #REF! | H120: =IF(E120>0,#REF!/E120," ") -> #REF! | J120: =IF(#REF!>D120,"SI","NO") -> #REF! | K120: =ROUNDDOWN(#REF!/D120,0) -> #REF! | L120: =+'[73]FICHAS '!Q106 -> 0 | M120: =+D120*L120 -> 0
B121: sistema séptico y FAFA prefabricado en P.R.F.V (Poliéster Reforzado Con Fibra De Vidrio) con capacidad para atender una población de veinte a treinta (20 a 30) habitantes | C121: D | E121: =#REF! -> #REF! | F121: =E121*D121 -> #REF! | G121: =F121/$F$126 -> #REF! | H121: =IF(E121>0,#REF!/E121," ") -> #REF! | J121: =IF(#REF!>D121,"SI","NO") -> #REF! | K121: =ROUNDDOWN(#REF!/D121,0) -> #REF! | L121: =+'[73]FICHAS '!R106 -> 0 | M121: =+D121*L121 -> 0
B122: sistema séptico y FAFA prefabricado en P.R.F.V (Poliéster Reforzado Con Fibra De Vidrio) con capacidad para atender una población de treinta a cuarenta (30 a 40) habitantes | C122: E | E122: =#REF! -> #REF! | F122: =E122*D122 -> #REF! | G122: =F122/$F$126 -> #REF! | H122: =IF(E122>0,#REF!/E122," ") -> #REF! | J122: =IF(#REF!>D122,"SI","NO") -> #REF! | K122: =ROUNDDOWN(#REF!/D122,0) -> #REF! | L122: =+'[73]FICHAS '!S106 -> 0 | M122: =+D122*L122 -> 0
B123: S.T. sistema séptico y FAFA prefabricado en P.R.F.V (Poliéster Reforzado Con Fibra De Vidrio) con capacidad para atender una población de cuarenta a cincuenta (40 a 50) habitantes | C123: F | E123: =#REF! -> #REF! | F123: =E123*D123 -> #REF! | G123: =F123/$F$126 -> #REF! | H123: =IF(E123>0,#REF!/E123," ") -> #REF! | J123: =IF(#REF!>D123,"SI","NO") -> #REF! | K123: =ROUNDDOWN(#REF!/D123,0) -> #REF! | L123: =+'[73]FICHAS '!T106 -> 0 | M123: =+D123*L123 -> 0
B124: sistema séptico y FAFA prefabricado en P.R.F.V (Poliéster Reforzado Con Fibra De Vidrio) con capacidad para atender una población de cincuenta a setenta (50 a 70) habitantes | C124: G | E124: =#REF! -> #REF! | F124: =E124*D124 -> #REF! | G124: =F124/$F$126 -> #REF! | H124: =IF(E124>0,#REF!/E124," ") -> #REF! | J124: =IF(#REF!>D124,"SI","NO") -> #REF! | K124: =ROUNDDOWN(#REF!/D124,0) -> #REF! | L124: =+'[73]FICHAS '!U106 -> 0 | M124: =+D124*L124 -> 0
B125: sistema séptico y FAFA prefabricado en P.R.F.V (Poliéster Reforzado Con Fibra De Vidrio) con capacidad para atender una población de setenta a noventa (70 a 90) habitantes | C125: H | E125: =#REF! -> #REF! | F125: =E125*D125 -> #REF! | G125: =F125/$F$126 -> #REF! | H125: =IF(E125>0,#REF!/E125," ") -> #REF! | J125: =IF(#REF!>D125,"SI","NO") -> #REF! | K125: =ROUNDDOWN(#REF!/D125,0) -> #REF! | L125: =+'[73]FICHAS '!V106 -> 0 | M125: =+D125*L125 -> 0
D126: TOTAL | E126: =SUM(E118:E125) -> #REF! | F126: =SUM(F118:F125) -> #REF! | G126: =SUM(G118:G125) -> #REF! | K126: Total | L126: =SUM(L118:L125) -> 0 | M126: =SUM(M118:M125) -> 0
F128: DIFERENCIA | G128: =#REF!-F126 -> #REF! | J128: =+#REF!-M126 -> #REF!
B132: ESQUEMA DE COFINANCIÓN ESTABLECIDO
B133: No. max tanques | C133: Valor máximo proyecto | D133: Cofinanciación Corantioquia (80%) | E133: Aporte municipio (20%)
B134: 50 | C134: =B134*D118 -> 0 | D134: =C134*0.8 -> 0 | E134: =C134*0.2 -> 0
B135: 30 | C135: =B135*D118 -> 0 | D135: =C135*0.8 -> 0 | E135: =C135*0.2 -> 0
B138: COFINANCIÓN BASADA EN PRESUPUESTO DEL MUNICIPIO
B139: No. aprox. tanques | C139: Valor máximo proyecto | D139: Cofinanciación Corantioquia (80%) | E139: Aporte municipio (20%)
C140: =E140*C134/E134 -> #DIV/0! | D140: =C140*0.8 -> #DIV/0!
B146: VALORES REFERENTES AL COMPONENTE SANEAMIENTO INCLUYENDO MANO DE OBRA CALIFICADA Y OTROS COSTOS
B147: COSTOS PROFESIONALES Y JORNALES
B148: ÍTEM | C148: Cantidad personal | D148: (%) Dedicación | E148: Unidad medida | F148: Cantidad | G148: Valor unitario base | H148: Valor Total
B149: Profesional con experiencia | C149: 1 | D149: 1 | E149: mes | F149: 6 | G149: =+Honorarios!B14 -> 6502000 | H149: =+C149*D149*F149*G149 -> 39012000
B150: Técnologo con experiencia | C150: 1 | D150: 1 | E150: mes | F150: 6 | G150: =+Honorarios!B12 -> 4148000 | H150: =+C150*D150*F150*G150 -> 24888000
B151: Jornales Afro | C151: =1*(4+4+4+8+8+8+3) -> 39 | D151: 1 | E151: jornal | F151: 1 | G151: =+Jornal!C34 -> 66697.867 | H151: =+C151*D151*F151*G151 -> 2601216.8
B152: Subtotal | H152: =+SUM(H149:H151) -> 66501217
B153: OTROS COSTOS AÑO 2023
B154: REALIZACIÓN PRUEBAS DE PERCOLACIÓN
B155: ÍTEM | E155: Unidad medida | F155: Cantidad | G155: Valor unitario | H155: Valor Total
B156: Transporte zona urbana municipio de El Bagre para elaboración de pruebas de percolación | E156: Visita | F156: 1 | G156: =+'Gastos DyM'!B39 -> 253000 | H156: =+F156*G156 -> 253000
B157: Transporte zona rural municipio de El Bagre para elaboración de pruebas de percolación | E157: Visita | F157: 5 | G157: =+'Gastos DyM'!A110 -> 90000 | H157: =+F157*G157 -> 450000
B158: Gastos de manutención municipio de El Bagre para elaboración de pruebas de percolación | E158: Visita | F158: 5.5 | G158: =+'Gastos DyM'!D39-'Gastos DyM'!B39 -> 97000 | H158: =+F158*G158 -> 533500
B159: Transporte zona urbana municipio de Caucasia para elaboración de pruebas de percolación | E159: Visita | F159: 1 | G159: =+'Gastos DyM'!B32 -> 204000 | H159: =+F159*G159 -> 204000
B160: Transporte zona rural municipio de Caucasia para elaboración de pruebas de percolación | E160: Visita | F160: 5 | G160: =+'Gastos DyM'!A110 -> 90000 | H160: =+F160*G160 -> 450000
B161: Gastos de manutención municipio de Caucasia para elaboración de pruebas de percolación | E161: Visita | F161: 5.5 | G161: =+'Gastos DyM'!D32-'Gastos DyM'!B32 -> 110000 | H161: =+F161*G161 -> 605000
B162: Transporte zona urbana municipio de Sopetran para elaboración de pruebas de percolación | E162: Visita | F162: 1 | G162: =+'Gastos DyM'!B75 -> 51000 | H162: =+F162*G162 -> 51000
B163: Transporte zona rural municipio de Sopetran para elaboración de pruebas de percolación | E163: Visita | F163: 5 | G163: =+'Gastos DyM'!A110 -> 90000 | H163: =+F163*G163 -> 450000
B164: Gastos de manutención municipio de Sopetran para elaboración de pruebas de percolación | E164: Visita | F164: 5.5 | G164: =+'Gastos DyM'!D75-'Gastos DyM'!B75 -> 136000 | H164: =+F164*G164 -> 748000
B165: Subtotal | H165: =+SUM(H156:H164) -> 3744500
B166: RECIBO DE SISTEMAS SÉPTICOS
B167: ÍTEM | E167: Unidad medida | F167: Cantidad | G167: Valor unitario | H167: Valor Total
B168: Transporte zona urbana municipio de El Bagre para recibo de sistemas sépticos | E168: Visita | F168: 2 | G168: =+'Gastos DyM'!B39 -> 253000 | H168: =+F168*G168 -> 506000
B169: Transporte zona rural municipio de El Bagre para para recibo de sistemas sépticos | E169: Visita | F169: 8 | G169: =+'Gastos DyM'!A110 -> 90000 | H169: =+F169*G169 -> 720000
B170: Gastos de manutención municipio de El Bagre para para recibo de sistemas sépticos | E170: Visita | F170: 9 | G170: =+'Gastos DyM'!D39-'Gastos DyM'!B39 -> 97000 | H170: =+F170*G170 -> 873000
B171: Transporte zona urbana municipio de Caucasia para para recibo de sistemas sépticos | E171: Visita | F171: 2 | G171: =+'Gastos DyM'!B32 -> 204000 | H171: =+F171*G171 -> 408000
...

Sheet Presupuesto El Bagre
D2: PRESUPUESTO OFICIAL ESTUDIOS PREVIOS CONVENIO INTERADMINISTRATIVO “Fortalecer el gobierno propio y la garantía de los derechos de los consejos comunitarios afrodescendientes de la jurisdicción de Corantioquia a través del saneamiento hídrico rural de sus territorios" MODALIDAD DE SELECCIÓN - OBJETO Contratación directa | H2: Versión 01
H3: Fecha Versión: 17/07/2013
B5: 2. COSTOS DIRECTOS
B6: ÍTEM | E6: UNIDAD DE MEDIDA | G6: CANTIDAD UNIDAD DE MEDIDA | H6: VALOR UNITARIO | I6: VALOR TOTAL
B7: Excavación manual en material común hasta 4 m de profundidad, bajo cualquier grado de humedad | E7: m3 | G7: 214.5 | H7: 28013.16 | I7: =+G7*H7 -> 6008822.8
B8: Excavación en roca a cualquier profundidad | E8: m3 | G8: 1.9 | H8: 145647.74 | I8: =+G8*H8 -> 276730.71
B9: Lleno y apisonado de zanjas y apiques con material selecto de la excavación, incluye acarreo interno | E9: m3 | G9: 157.4 | H9: 23344.3 | I9: =+G9*H9 -> 3674392.8
B10: Regada de material proveniente de la excavación y conformación del terreno | E10: m3 | G10: 57.1 | H10: 2801.316 | I10: =+G10*H10 -> 159955.14
B11: I. Tubería pvc-s de ø2" (50 mm). Efluente+purga. incluye accesorios. | E11: m | G11: 150 | H11: 4086.663 | I11: =+G11*H11 -> 612999.45
B12: I. Tubería pvc-s de ø3" (75 mm). Incluye accesorios | E12: m | G12: 330 | H12: 5108.3287 | I12: =+G12*H12 -> 1685748.5
B13: I. Tubería pvc-s de ø2" (50 mm). Trampa de grasas.Incluye accesorios | E13: m | G13: 330 | H13: 4086.663 | I13: =+G13*H13 -> 1348598.8
B14: I. De sifón S.R. De 135° en pvc-s ø3" para control de olores | E14: un | G14: 20 | H14: 6715.0125 | I14: =+G14*H14 -> 134300.25
B15: I. De sifón S.R. De 135° en pvc-s ø4" para control de olores | E15: un | G15: 0 | H15: 8953.35 | I15: =+G15*H15 -> 0
B16: I. Sistema séptico y FAFA prefabricado en P.R.F.V (Poliéster Reforzado Con Fibra De Vidrio) con capacidad para atender una población entre tres a nueve (3 a 9) habitantes, (incluye: accesorios internos, material filtrante para el FAFA que garanticen un área superficial de contacto ≥ 90m2/m3, tubería de PVC-S ø2" con accesorios y malla mosquitera doble. Volumen de 1,500-1,800 litros. | E16: un | G16: 20 | H16: 457276.75 | I16: =+G16*H16 -> 9145535
B17: I.Trampa de grasas prefabricada en P.R.F.V (Poliéster Reforzado con Fibra De Vidrio) con capacidad para atender una población de tres a nueve (3 a 9) habitantes. | E17: un | G17: 20 | H17: 67150.125 | I17: =+G17*H17 -> 1343002.5
B18: I. Sistema séptico y FAFA prefabricado en P.R.F.V (Poliéster Reforzado Con Fibra De Vidrio) con capacidad para atender una población de diez a quince (10 a 15) habitantes, (incluye: accesorios internos, material filtrante para el FAFA que garanticen un área superficial de contacto ≥ 90m2/m3, tubería de PVC-S ø2" con accesorios y malla mosquitera doble. Volumen de 2,300-2,500 litros. | E18: un | G18: 0 | H18: 457276.75 | I18: =+G18*H18 -> 0
... B45: .I. Pntura epóxica para protección de tuberia expuesta | E45: gal | G45: 1 | H45: 2593.8111 | I45: =+G45*H45 -> 2593.8111
B46: Subtotal suministros: | I46: =+G46*H46 -> 0
B47: S.T. Tubería pvc-s de ø2" (50 mm) incluye accesorios. (ver A.P.U) | E47: m | G47: 150 | H47: 37168.821 | I47: =+G47*H47 -> 5575323.1
B48: S.T. Tubería pvc-s de ø3" (75 mm). Incluye accesorios (ver A.P.U) | E48: m | G48: 330 | H48: 31416.309 | I48: =+G48*H48 -> 10367382
B49: S.T. Tubería pvc-s de ø2" (50 mm). Trampa de grasa. Incluye accesorios | E49: m | G49: 330 | H49: 23578.584 | I49: =+G49*H49 -> 7780932.6
B50: S.T. De sifón s.r. De 135° en pvc-s ø3" para control de olores (ver A.P.U) | E50: un | G50: 20 | H50: 52466.719 | I50: =+G50*H50 -> 1049334.4
B51: S.T. De sifón s.r. De 135° en pvc-s ø4" para control de olores (ver A.P.U) | E51: un | G51: 0 | H51: 92386.126 | I51: =+G51*H51 -> 0
B52: S.T. Sistema séptico y FAFA prefabricado en P.R.F.V (Poliéster Reforzado Con Fibra De Vidrio) con capacidad para atender una población entre 3 a nueve (3 a 9) habitantes, (incluye: accesorios internos, material filtrante para el FAFA que garanticen un área superficial de contacto ≥ 90m2/m3, tubería de PVC-S ø2" con accesorios y malla mosquitera doble. Volumen de 1,500-1,800 litros. | E52: un | G52: 20 | H52: 4376202.1 | I52: =+G52*H52 -> 87524041
B53: S.T trampa de grasas prefabricada en P.R.F.V (Poliéster Reforzado con Fibra De Vidrio) con capacidad para atender una población de tres a nueve (3 a 9) habitantes | E53: un | G53: 20 | H53: 1532771.9 | I53: =+G53*H53 -> 30655437
B54: S.T. Sistema séptico y FAFA prefabricado en P.R.F.V (Poliéster Reforzado Con Fibra De Vidrio) con capacidad para atender una población de diez a quince (10 a 15) habitantes, (incluye: accesorios internos, material filtrante para el FAFA que garanticen un área superficial de contacto ≥ 90m2/m3, tubería de PVC-S ø2" con accesorios y malla mosquitera doble. Volumen de 2,300-2,500 litros. | E54: un | G54: 0 | H54: 4212417.8 | I54: =+G54*H54 -> 0
B55: S.T trampa de grasas prefabricado en P.R.F.V(Poliéster Reforzado con Fibra De Vidrio) con capacidad para atender una población de diez a quince (10 a 15) habitantes | E55: un | G55: 0 | H55: 1592563.4 | I55: =+G55*H55 -> 0
B56: S.T. Sistema séptico y FAFA prefabricado en P.R.F.V (Poliéster Reforzado Con Fibra De Vidrio) con capacidad para atender una población de dieciséis a veinte (16 a 20) habitantes, (incluye: accesorios internos, material filtrante para el FAFA que garanticen un área superficial de contacto ≥ 90m2/m3, tubería de PVC-S ø2" con accesorios y malla mosquitera doble. Volumen de 3,000-3,300 litros. | E56: un | G56: 0 | H56: 5876913.4 | I56: =+G56*H56 -> 0
B57: S.T trampa de grasas prefabricado en P.R.F.V (Poliéster Reforzado con Fibra De Vidrio) con capacidad para atender una población de dieciséis a veinte (16 a 20) habitantes | E57: un | G57: 0 | H57: 1746463.1 | I57: =+G57*H57 -> 0
B58: S.T. sistema séptico y FAFA prefabricado en P.R.F.V (Poliéster Reforzado Con Fibra De Vidrio) con capacidad para atender una población de veintI uno a treinta (21 a 30) habitantes, (incluye: accesorios internos, material filtrante para el FAFA que garanticen un área superficial de contacto ≥ 90m2/m3, tubería de PVC-S ø2" con accesorios y malla mosquitera doble. Volumen de 4,500-5,000 litros. | E58: un | G58: 0 | H58: 8224352.3 | I58: =+G58*H58 -> 0
... B81: T.I. Pntura epóxica para protección de tuberia expuesta | E81: gal | G81: 1 | H81: 210881.64 | I81: =+G81*H81 -> 210881.64
B82: SUBTOTAL COSTOS DIRECTOS + MANO DE OBRA NO CALIFICADA | I82: =+SUM(I7:I81) -> 1.9147005e+08
B83: IVA EXCLUIBLE | I83: 19256622
B84: VALOR CON IVA | I84: =+I82 -> 1.9147005e+08
B85: TOTAL VALOR SIN IVA | I85: =+I82-I83 -> 1.7221343e+08

Sheet Presupuesto Caucasia
D2: PRESUPUESTO OFICIAL ESTUDIOS PREVIOS “Fortalecer el gobierno propio y la garantía de los derechos de los consejos comunitarios afrodescendientes de la jurisdicción de Corantioquia a través del saneamiento hídrico rural de sus territorios" MODALIDAD DE SELECCIÓN - OBJETO Contratación directa | H2: Versión 01
H3: Fecha Versión: 17/07/2013
B5: 1. COSTOS DE PERSONAL
B6: ÍTEM | C6: CANTIDAD | D6: DEDICACION (%) | E6: UNIDAD DE MEDIDA | F6: CANTIDAD UNIDAD DE MEDIDA | G6: VALOR UNITARIO | H6: FACTOR PRESTACIONAL | I6: VALOR TOTAL
B7: Mano de Obra Calificada
I10: =+C10*D10*F10*G10*H10 -> 0
B11: Subtotal Mano de Obra calificada | I11: =SUM(I8:I10) -> 0
B12: Mano de Obra No Calificada
I13: =+C13*D13*F13*G13*H13 -> 0
I14: =+C14*D14*F14*G14*H14 -> 0
B15: Subtotal Mano de Obra No Calificada | I15: =SUM(I13:I14) -> 0
B16: SUBTOTAL PERSONAL (Mano de Obra Calificada + Mano de Obra no Calificada)
B18: 2. COSTOS DIRECTOS
B19: ÍTEM | E19: UNIDAD DE MEDIDA | G19: CANTIDAD UNIDAD DE MEDIDA | H19: VALOR UNITARIO | I19: VALOR TOTAL
B20: Excavación manual en material común hasta 4 m de profundidad, bajo cualquier grado de humedad | E20: m3 | G20: 203.4 | H20: 28013.16 | I20: 5697876.7
B21: Excavación en roca a cualquier profundidad | E21: m3 | G21: 1.8 | H21: 145647.74 | I21: 262165.93
B22: Lleno y apisonado de zanjas y apiques con material selecto de la excavación, incluye acarreo interno | E22: m3 | G22: 131.4 | H22: 23344.3 | I22: 3067441
B23: Regada de material proveniente de la excavación y conformación del terreno | E23: m3 | G23: 72 | H23: 2801.316 | I23: 201694.75
B24: I. Tubería pvc-s de ø2" (50 mm). Efluente+purga. incluye accesorios. | E24: m | G24: 155 | H24: 4086.663 | I24: 633432.77
B25: I. Tubería pvc-s de ø3" (75 mm). Incluye accesorios | E25: m | G25: 302 | H25: 5108.3287 | I25: 1542715.3
B26: I. Tubería pvc-s de ø2" (50 mm). Trampa de grasas.Incluye accesorios | E26: m | G26: 302 | H26: 4086.663 | I26: 1234172.2
B27: I. De sifón S.R. De 135° en pvc-s ø3" para control de olores | E27: un | G27: 20 | H27: 6715.0125 | I27: 134300.25
B28: I. De sifón S.R. De 135° en pvc-s ø4" para control de olores | E28: un | G28: 0 | H28: 8953.35 | I28: 0
B29: I. Sistema séptico y FAFA prefabricado en P.R.F.V (Poliéster Reforzado Con Fibra De Vidrio) con capacidad para atender una población entre tres a nueve (3 a 9) habitantes, (incluye: accesorios internos, material filtrante para el FAFA que garanticen un área superficial de contacto ≥ 90m2/m3, tubería de PVC-S ø2" con accesorios y malla mosquitera doble. Volumen de 1,500-1,800 litros. | E29: un | G29: 20 | H29: 457276.75 | I29: 9145535
B30: I.Trampa de grasas prefabricada en P.R.F.V (Poliéster Reforzado con Fibra De Vidrio) con capacidad para atender una población de tres a nueve (3 a 9) habitantes. | E30: un | G30: 34 | H30: 67150.125 | I30: 2283104.2
B31: I. Sistema séptico y FAFA prefabricado en P.R.F.V (Poliéster Reforzado Con Fibra De Vidrio) con capacidad para atender una población de diez a quince (10 a 15) habitantes, (incluye: accesorios internos, material filtrante para el FAFA que garanticen un área superficial de contacto ≥ 90m2/m3, tubería de PVC-S ø2" con accesorios y malla mosquitera doble. Volumen de 2,300-2,500 litros. | E31: un | G31: 0 | H31: 457276.75 | I31: 0
... B58: .I. Pntura epóxica para protección de tuberia expuesta | E58: gal | G58: 1 | H58: 2593.8111 | I58: 2593.8111
B59: Subtotal suministros: | I59: 0
B60: S.T. Tubería pvc-s de ø2" (50 mm) incluye accesorios. (ver A.P.U) | E60: m | G60: 155 | H60: 36962.909 | I60: 5729251
B61: S.T. Tubería pvc-s de ø3" (75 mm). Incluye accesorios (ver A.P.U) | E61: m | G61: 302 | H61: 31210.398 | I61: 9425540.1
B62: S.T. Tubería pvc-s de ø2" (50 mm). Trampa de grasa. Incluye accesorios | E62: m | G62: 302 | H62: 23372.673 | I62: 7058547.1
B63: S.T. De sifón s.r. De 135° en pvc-s ø3" para control de olores (ver A.P.U) | E63: un | G63: 20 | H63: 49892.83 | I63: 997856.6
B64: S.T. De sifón s.r. De 135° en pvc-s ø4" para control de olores (ver A.P.U) | E64: un | G64: 0 | H64: 88954.274 | I64: 0
B65: S.T. Sistema séptico y FAFA prefabricado en P.R.F.V (Poliéster Reforzado Con Fibra De Vidrio) con capacidad para atender una población entre 3 a nueve (3 a 9) habitantes, (incluye: accesorios internos, material filtrante para el FAFA que garanticen un área superficial de contacto ≥ 90m2/m3, tubería de PVC-S ø2" con accesorios y malla mosquitera doble. Volumen de 1,500-1,800 litros. | E65: un | G65: 20 | H65: 4170290.9 | I65: 83405819
B66: S.T trampa de grasas prefabricada en P.R.F.V (Poliéster Reforzado con Fibra De Vidrio) con capacidad para atender una población de tres a nueve (3 a 9) habitantes | E66: un | G66: 34 | H66: 1326860.7 | I66: 45113265
B67: S.T. Sistema séptico y FAFA prefabricado en P.R.F.V (Poliéster Reforzado Con Fibra De Vidrio) con capacidad para atender una población de diez a quince (10 a 15) habitantes, (incluye: accesorios internos, material filtrante para el FAFA que garanticen un área superficial de contacto ≥ 90m2/m3, tubería de PVC-S ø2" con accesorios y malla mosquitera doble. Volumen de 2,300-2,500 litros. | E67: un | G67: 0 | H67: 4212417.8 | I67: 0
B68: S.T trampa de grasas prefabricado en P.R.F.V(Poliéster Reforzado con Fibra De Vidrio) con capacidad para atender una población de diez a quince (10 a 15) habitantes | E68: un | G68: 0 | H68: 1386652.3 | I68: 0
B69: S.T. Sistema séptico y FAFA prefabricado en P.R.F.V (Poliéster Reforzado Con Fibra De Vidrio) con capacidad para atender una población de dieciséis a veinte (16 a 20) habitantes, (incluye: accesorios internos, material filtrante para el FAFA que garanticen un área superficial de contacto ≥ 90m2/m3, tubería de PVC-S ø2" con accesorios y malla mosquitera doble. Volumen de 3,000-3,300 litros. | E69: un | G69: 0 | H69: 5876913.4 | I69: 0
B70: S.T trampa de grasas prefabricado en P.R.F.V (Poliéster Reforzado con Fibra De Vidrio) con capacidad para atender una población de dieciséis a veinte (16 a 20) habitantes | E70: un | G70: 0 | H70: 1540552 | I70: 0
B71: S.T. sistema séptico y FAFA prefabricado en P.R.F.V (Poliéster Reforzado Con Fibra De Vidrio) con capacidad para atender una población de veintI uno a treinta (21 a 30) habitantes, (incluye: accesorios internos, material filtrante para el FAFA que garanticen un área superficial de contacto ≥ 90m2/m3, tubería de PVC-S ø2" con accesorios y malla mosquitera doble. Volumen de 4,500-5,000 litros. | E71: un | G71: 0 | H71: 8224352.3 | I71: 0
... B94: T.I. Pntura epóxica para protección de tuberia expuesta | E94: gal | G94: 1 | H94: 210675.53 | I94: 210675.53
B95: SUBTOTAL COSTOS DIRECTOS + MANO DE OBRA NO CALIFICADA | I95: =+SUM(I20:I94) -> 1.9979533e+08
B96: IVA EXCLUIBLE | I96: 20259176
B97: VALOR CONVENIO | I97: =+I95 -> 1.9979533e+08
B98: TOTAL SIN IVA EXCLUIBLE | I98: =+I95-I96 -> 1.7953615e+08

Sheet Presupuesto Sopetran
D2: PRESUPUESTO OFICIAL ESTUDIOS PREVIOS CONVENIO INTERADMINISTRATIVO “Fortalecer el gobierno propio y la garantía de los derechos de los consejos comunitarios afrodescendientes de la jurisdicción de Corantioquia a través del saneamiento hídrico rural de sus territorios" MODALIDAD DE SELECCIÓN - OBJETO Contratación directa | H2: Versión 01
H3: Fecha Versión: 17/07/2013
B5: 1. COSTOS DE PERSONAL
B6: ÍTEM | C6: CANTIDAD | D6: DEDICACION (%) | E6: UNIDAD DE MEDIDA | F6: CANTIDAD UNIDAD DE MEDIDA | G6: VALOR UNITARIO | H6: FACTOR PRESTACIONAL | I6: VALOR TOTAL
B7: Mano de Obra Calificada
I10: =+C10*D10*F10*G10*H10 -> 0
B11: Subtotal Mano de Obra calificada | I11: =SUM(I8:I10) -> 0
B12: Mano de Obra No Calificada
I13: =+C13*D13*F13*G13*H13 -> 0
I14: =+C14*D14*F14*G14*H14 -> 0
B15: Subtotal Mano de Obra No Calificada | I15: =SUM(I13:I14) -> 0
B16: SUBTOTAL PERSONAL (Mano de Obra Calificada + Mano de Obra no Calificada)
B18: 2. COSTOS DIRECTOS
B19: ÍTEM | E19: UNIDAD DE MEDIDA | G19: CANTIDAD UNIDAD DE MEDIDA | H19: VALOR UNITARIO | I19: VALOR TOTAL
B20: Subtotal instalación:
B21: Excavación manual en material común hasta 4 m de profundidad, bajo cualquier grado de humedad | E21: m3 | G21: 333.6 | H21: 28013.16 | I21: 9345190.2
B22: Excavación en roca a cualquier profundidad | E22: m3 | G22: 3 | H22: 145647.74 | I22: 436943.22
B23: Lleno y apisonado de zanjas y apiques con material selecto de la excavación, incluye acarreo interno | E23: m3 | G23: 247.7 | H23: 23344.3 | I23: 5782383.1
B24: Regada de material proveniente de la excavación y conformación del terreno | E24: m3 | G24: 85.9 | H24: 2801.316 | I24: 240633.04
B25: I. Tubería pvc-s de ø2" (50 mm). Efluente+purga. incluye accesorios. | E25: m | G25: 260 | H25: 4086.663 | I25: 1062532.4
B26: I. Tubería pvc-s de ø3" (75 mm). Incluye accesorios | E26: m | G26: 528 | H26: 5108.3287 | I26: 2697197.6
B27: I. Tubería pvc-s de ø2" (50 mm). Trampa de grasas.Incluye accesorios | E27: m | G27: 528 | H27: 4086.663 | I27: 2157758.1
B28: I. De sifón S.R. De 135° en pvc-s ø3" para control de olores | E28: un | G28: 30 | H28: 6715.0125 | I28: 201450.38
B29: I. De sifón S.R. De 135° en pvc-s ø4" para control de olores | E29: un | G29: 0 | H29: 8953.35 | I29: 0
B30: I. Sistema séptico y FAFA prefabricado en P.R.F.V (Poliéster Reforzado Con Fibra De Vidrio) con capacidad para atender una población entre tres a nueve (3 a 9) habitantes, (incluye: accesorios internos, material filtrante para el FAFA que garanticen un área superficial de contacto ≥ 90m2/m3, tubería de PVC-S ø2" con accesorios y malla mosquitera doble. Volumen de 1,500-1,800 litros. | E30: un | G30: 30 | H30: 457276.75 | I30: 13718302
B31: I.Trampa de grasas prefabricada en P.R.F.V (Poliéster Reforzado con Fibra De Vidrio) con capacidad para atender una población de tres a nueve (3 a 9) habitantes. | E31: un | G31: 41 | H31: 67150.125 | I31: 2753155.1
B32: I. Sistema séptico y FAFA prefabricado en P.R.F.V (Poliéster Reforzado Con Fibra De Vidrio) con capacidad para atender una población de diez a quince (10 a 15) habitantes, (incluye: accesorios internos, material filtrante para el FAFA que garanticen un área superficial de contacto ≥ 90m2/m3, tubería de PVC-S ø2" con accesorios y malla mosquitera doble. Volumen de 2,300-2,500 litros. | E32: un | G32: 0 | H32: 457276.75 | I32: 0
... B59: .I. Pntura epóxica para protección de tuberia expuesta | E59: gal | G59: 1 | H59: 2593.8111 | I59: 2593.8111
B60: Subtotal suministros: | I60: 0
B61: S.T. Tubería pvc-s de ø2" (50 mm) incluye accesorios. (ver A.P.U) | E61: m | G61: 260 | H61: 36330.748 | I61: 9445994.6
B62: S.T. Tubería pvc-s de ø3" (75 mm). Incluye accesorios (ver A.P.U) | E62: m | G62: 528 | H62: 30578.237 | I62: 16145309
B63: S.T. Tubería pvc-s de ø2" (50 mm). Trampa de grasa. Incluye accesorios | E63: m | G63: 528 | H63: 22740.512 | I63: 12006990
B64: S.T. De sifón s.r. De 135° en pvc-s ø3" para control de olores (ver A.P.U) | E64: un | G64: 30 | H64: 41990.817 | I64: 1259724.5
B65: S.T. De sifón s.r. De 135° en pvc-s ø4" para control de olores (ver A.P.U) | E65: un | G65: 0 | H65: 78418.257 | I65: 0
B66: S.T. Sistema séptico y FAFA prefabricado en P.R.F.V (Poliéster Reforzado Con Fibra De Vidrio) con capacidad para atender una población entre 3 a nueve (3 a 9) habitantes, (incluye: accesorios internos, material filtrante para el FAFA que garanticen un área superficial de contacto ≥ 90m2/m3, tubería de PVC-S ø2" con accesorios y malla mosquitera doble. Volumen de 1,500-1,800 litros. | E66: un | G66: 30 | H66: 3538129.9 | I66: 1.061439e+08
B67: S.T trampa de grasas prefabricada en P.R.F.V (Poliéster Reforzado con Fibra De Vidrio) con capacidad para atender una población de tres a nueve (3 a 9) habitantes | E67: un | G67: 41 | H67: 694699.72 | I67: 28482688
B68: S.T. Sistema séptico y FAFA prefabricado en P.R.F.V (Poliéster Reforzado Con Fibra De Vidrio) con capacidad para atender una población de diez a quince (10 a 15) habitantes, (incluye: accesorios internos, material filtrante para el FAFA que garanticen un área superficial de contacto ≥ 90m2/m3, tubería de PVC-S ø2" con accesorios y malla mosquitera doble. Volumen de 2,300-2,500 litros. | E68: un | G68: 0 | H68: 4212417.8 | I68: 0
B69: S.T trampa de grasas prefabricado en P.R.F.V(Poliéster Reforzado con Fibra De Vidrio) con capacidad para atender una población de diez a quince (10 a 15) habitantes | E69: un | G69: 0 | H69: 754491.29 | I69: 0
B70: S.T. Sistema séptico y FAFA prefabricado en P.R.F.V (Poliéster Reforzado Con Fibra De Vidrio) con capacidad para atender una población de dieciséis a veinte (16 a 20) habitantes, (incluye: accesorios internos, material filtrante para el FAFA que garanticen un área superficial de contacto ≥ 90m2/m3, tubería de PVC-S ø2" con accesorios y malla mosquitera doble. Volumen de 3,000-3,300 litros. | E70: un | G70: 0 | H70: 5876913.4 | I70: 0
B71: S.T trampa de grasas prefabricado en P.R.F.V (Poliéster Reforzado con Fibra De Vidrio) con capacidad para atender una población de dieciséis a veinte (16 a 20) habitantes | E71: un | G71: 0 | H71: 908390.93 | I71: 0
B72: S.T. sistema séptico y FAFA prefabricado en P.R.F.V (Poliéster Reforzado Con Fibra De Vidrio) con capacidad para atender una población de veintI uno a treinta (21 a 30) habitantes, (incluye: accesorios internos, material filtrante para el FAFA que garanticen un área superficial de contacto ≥ 90m2/m3, tubería de PVC-S ø2" con accesorios y malla mosquitera doble. Volumen de 4,500-5,000 litros. | E72: un | G72: 0 | H72: 8224352.3 | I72: 0
... B95: T.I. Pntura epóxica para protección de tuberia expuesta | E95: gal | G95: 1 | H95: 210042.73 | I95: 210042.73
B97: SUBTOTAL COSTOS DIRECTOS + MANO DE OBRA NO CALIFICADA | I97: =+SUM(I21:I95) -> 2.4573869e+08
B98: IVA EXCLUIBLE | I98: 30251390
B99: VALOR CONVENIO | I99: =+I97 -> 2.4573869e+08
B100: TOTAL SIN IVA EXCLUIBLE | I100: =+I97-I98 -> 2.154873e+08

Sheet Gastos DyM
B1: SISTEMA DE GESTIÓN INTEGRAL - SGI | E1: Instructivo
B2: VALORES DE GASTOS DE DESPLAZAMIENTO Y MANUTENCIÓN
B3: CÓDIGO: F-PGC-21 | D3: =[74]Instructivo!G3 -> VERSIÓN: 04
A5: AÑO VIGENTE: | B5: =[74]Honorarios!B5 -> 2023
A6: MEMORANDO: | B6: 190-MEM2301-122
A8: Cuatro N.1 Gastos de desplazamiento y manutención por municipio
A9: Municipio | B9: Valor total desplazamiento | C9: Valor total desplazamiento y manutención más de 4 horas sin pernocta | D9: Valor total desplazamiento y manutención con (1) una pernocta*
A10: Amagá | B10: 43000 | C10: 98000 | D10: 153000
A11: Amalfí | B11: 141000 | C11: 196000 | D11: 251000
A12: Andes | B12: 71000 | C12: 126000 | D12: 181000
A13: Angelópolis | B13: 43000 | C13: 98000 | D13: 153000
A14: Angostura | B14: 153000 | C14: 208000 | D14: 263000
A15: Anorí | B15: 108000 | C15: 163000 | D15: 218000
A16: Anzá | B16: 71000 | C16: 126000 | D16: 181000
A17: Armenia mantequilla | B17: 59000 | C17: 114000 | D17: 169000
A18: Barbosa | B18: 77000 | C18: 132000 | D18: NA
A19: Bello | B19: 43000 | C19: 70000 | D19: NA
A20: Belmira | B20: 41000 | C20: 96000 | D20: 151000
A21: Betania | B21: 77000 | C21: 132000 | D21: 187000
A22: Betulia | B22: 75000 | C22: 130000 | D22: 185000
A23: Briceño | B23: 73000 | C23: 128000 | D23: 183000
A24: Buriticá | B24: 71000 | C24: 126000 | D24: 181000
A25: Cáceres | B25: 189000 | C25: 244000 | D25: 299000
A26: Caicedo | B26: 73000 | C26: 128000 | D26: 183000
A27: Caldas | B27: 63000 | C27: 118000 | D27: NA
A28: Campamento | B28: 153000 | C28: 208000 | D28: 263000
A29: Caracolí | B29: 141000 | C29: 196000 | D29: 251000
A30: Caramanta | B30: 115000 | C30: 170000 | D30: 225000
A31: Carolina del Príncipe | B31: 84000 | C31: 139000 | D31: 194000
A32: Caucasia | B32: 204000 | C32: 259000 | D32: 314000
A33: Cisneros | B33: 109000 | C33: 164000 | D33: 219000
A34: Ciudad Bolívar | B34: 77000 | C34: 132000 | D34: 187000
A35: Concordia | B35: 65000 | C35: 120000 | D35: 175000
A36: Copacabana | B36: 44000 | C36: 99000 | D36: NA
A37: Don Matías | B37: 33000 | C37: 88000 | D37: 130000
A38: Ebéjico | B38: 65000 | C38: 120000 | D38: 162000
A39: El Bagre | B39: 253000 | C39: 308000 | D39: 350000 | E39: =+C39-B39 -> 55000
A40: Entrerríos | B40: 41000 | C40: 96000 | D40: 138000
A41: Envigado | B41: 43000 | C41: 70000 | D41: NA
A42: Fredonia | B42: 80000 | C42: 135000 | D42: 190000
A43: Girardota | B43: 65000 | C43: 120000 | D43: NA
A44: Gómez Plata | B44: 77000 | C44: 132000 | D44: 187000
A45: Guadalupe | B45: 90000 | C45: 145000 | D45: 200000
A46: Heliconia | B46: 43000 | C46: 98000 | D46: 153000
A47: Hispania | B47: 65000 | C47: 120000 | D47: 175000
A48: Itagüí | B48: 43000 | C48: 70000 | D48: NA
A49: Ituango | B49: 190000 | C49: 164000 | D49: 219000
A50: Jardín | B50: 82000 | C50: 137000 | D50: 192000
A51: Jericó | B51: 90000 | C51: 145000 | D51: 200000
A52: La Estrella | B52: 77000 | C52: 132000 | D52: NA
A53: La Pintada | B53: 65000 | C53: 120000 | D53: 175000
A54: Liborina | B54: 73000 | C54: 128000 | D54: 183000
A55: Maceo | B55: 126000 | C55: 181000 | D55: 236000
A56: Medellín | B56: 29000 | C56: 56000 | D56: NA
A57: Montebello | B57: 42000 | C57: 97000 | D57: 152000
A58: Nechí | B58: 253000 | C58: 308000 | D58: 363000
A59: Olaya | B59: 57000 | C59: 112000 | D59: 167000
A60: Pueblo Rico | B60: 84000 | C60: 139000 | D60: 194000
A61: Puerto Berrío | B61: 77000 | C61: 132000 | D61: 187000
A62: Puerto Nare | B62: 65000 | C62: 120000 | D62: 175000
A63: Remedios | B63: 115000 | C63: 170000 | D63: 225000
A64: Sabanalarga | B64: 90000 | C64: 145000 | D64: 200000
A65: Sabaneta | B65: 49000 | C65: 76000 | D65: NA
A66: Salgar | B66: 65000 | C66: 120000 | D66: 175000
A67: San Andrés de Cuerquia | B67: 51000 | C67: 106000 | D67: 161000
A68: San Jerónimo | B68: 51000 | C68: 106000 | D68: 161000
A69: San José de la Montaña | B69: 115000 | C69: 170000 | D69: 225000
A70: San Pedro de los Milagros | B70: 39000 | C70: 94000 | D70: 149000
A71: Santa Bárbara | B71: 51000 | C71: 106000 | D71: 161000
A72: Santa Fe de Antioquia | B72: 51000 | C72: 98000 | D72: 153000
A73: Santa Rosa de Osos | B73: 43000 | C73: 179000 | D73: 234000
A74: Segovia | B74: 124000 | C74: 106000 | D74: 161000
A75: Sopetrán | B75: 51000 | C75: 106000 | D75: 187000
A76: Támesis | B76: 77000 | C76: 132000 | D76: 288000
A77: Tarazá | B77: 178000 | C77: 233000 | D77: 194000
... A89: Zaragoza | B89: 253000 | C89: 308000 | D89: 363000
A90: * Por cada día de pernocta adicional se reconocerán $110.000.
A91: ** En caso de reconocer solo gastos de manutención, se contemplará $55.000 por más de 4 horas sin pernocta y $110.000 por cada pernocta. En los casos de los municipios de Medellín, Bello, Itagüí, Sabaneta y Envigado, se reconocerá el 50 % del valor de la manutención correspondiente a $27.000.
A92: *** En los municipios que se encuentren ubicados en el Área Metropolitana del Valle de Aburrá, no se autoriza a pernoctar.
A94: Cuatro N.2 Gastos de desplazamiento y manutención por territorial
A95: Territorial | B95: Valor total desplazamiento | C95: Valor total desplazamiento y manutención más de 4 horas sin pernocta | D95: Valor total desplazamiento y manutención con (1) pernocta*
A96: Aburrá Norte | B96: 90000 | C96: 145000 | D96: NA
A97: Aburrá Sur | B97: 70000 | C97: 122000 | D97: 125000
A98: Cartama | B98: 116000 | C98: 171000 | D98: 226000
A99: Citará | B99: 78000 | C99: 130000 | D99: 178000
A100: Hevéxicos | B100: 74000 | C100: 126000 | D100: 184000
A101: Panzenú | B101: 95000 | C101: 146000 | D101: 205000
A102: Tahamíes | B102: 76000 | C102: 129000 | D102: 186000
A103: Zenufaná | B103: 121000 | C103: 176000 | D103: 231000
A104: * Por cada día de pernocta adicional se reconocerán $110.000.
A105: ** En caso de reconocer solo gastos de manutención, se contemplará $55.000 por más de 4 horas sin pernocta y $110.000 por cada pernocta. En los casos de los municipios de Medellín, Bello, Itagüí, Sabaneta y Envigado, se reconocerá el 50 % del valor de la manutención correspondiente a $27.000.
A106: *** En los municipios que se encuentren ubicados en el Área Metropolitana del Valle de Aburrá, no se autoriza a pernoctar.
A108: Cuatro N.3 Gastos de desplazamiento y manutención general
A109: Valor total desplazamiento | B109: Valor total desplazamiento y manutención más de 4 horas sin pernocta | C109: Valor total desplazamiento y manutención con (1) pernocta*
A110: 90000 | B110: 145000 | C110: 200000
A111: * Por cada día de pernocta adicional se reconocerán $110.000.
A112: ** En caso de reconocer solo gastos de manutención, se contemplará $55.000 por más de 4 horas sin pernocta y $110.000 por cada pernocta. En los casos de los municipios de Medellín, Bello, Itagüí, Sabaneta y Envigado, se reconocerá el 50 % del valor de la manutención correspondiente a $27.000.
A113: *** En los municipios que se encuentren ubicados en el Área Metropolitana del Valle de Aburrá, no se autoriza a pernoctar.
A114: Se sugiere un valor de $30.000 para el trasporte entre municipios basado en el promedio valor de un solo tramo de Medellín al promedio de los municipios.

Sheet Honorarios
B1: SISTEMA DE GESTIÓN INTEGRAL - SGI | D1: Instructivo
B2: VALORES DE HONORARIOS (PRESTADORES DE SERVICIOS)
B3: CÓDIGO: F-PGC-21 | C3: =[74]Instructivo!G3 -> VERSIÓN: 04
A5: AÑO VIGENTE: | B5: 2023
A6: MEMORANDO: | B6: 190-MEM2212-9506
A8: Nivel Académico Requerido | B8: Valor mes Honorarios | D8: factor prestacional
A9: Bachiller | B9: 2124000 | D9: 1.71
A10: Técnico | B10: 3530000 | D10: 1.65
A11: Tecnólogo sin experiencia | B11: 3576000 | D11: 1.58
A12: Tecnólogo con experiencia | B12: 4148000 | D12: 1.58
A13: Profesional sin experiencia | B13: 4421000 | D13: 1.58
A14: Profesional con experiencia | B14: 6502000 | D14: 1.58
A15: Coordinador de proyecto | B15: 7800000 | D15: 1.58
A17: Nota. El presente valor de los honorarios es el reconocido por la Corporación para la ejecución de sus contratos o convenios, cualquier cambio por parte del ejecutor en la modalidad de contratación de prestación de servicios a laboral será bajo cuenta y riesgo del este último y no podrá trasladar o solidarizar a la Corporación con la carga o gastos adicionales en los cuales incurra.

Sheet Jornal
C1: SISTEMA DE GESTIÓN INTEGRAL - SGI | K1: Instructivo
C2: VALORES DE JORNALES
C3: CÓDIGO: F-PGC-21 | G3: =[74]Instructivo!G3 -> VERSIÓN: 04
A5: AÑO VIGENTE: | D5: 2023
A6: MEMORANDO: | D6: 190-MEM2212-9652, 190-MEM2212-9506
A7: SMMLVC: | D7: 1160000
A8: AUX TRANSPORTE MENSUAL: | D8: 140000
A10: DETERMINACIÓN DEL VALOR DEL JORNAL POR BASE
A11: Salario base en SMMLV | C11: 1 | D11: 1.25 | E11: 1.5 | F11: 1.75 | G11: 2 | H11: 3 | I11: 4 | J11: 5
A12: Salario base expresión monetaria | C12: =$D$7*C11 -> 1160000 | D12: =$D$7*D11 -> 1450000 | E12: =$D$7*E11 -> 1740000 | F12: =$D$7*F11 -> 2030000 | G12: =$D$7*G11 -> 2320000 | H12: =$D$7*H11 -> 3480000 | I12: =$D$7*I11 -> 4640000 | J12: =$D$7*J11 -> 5800000
A13: Total jornal diario a reconocer | C13: =C29/30 -> 66697.867 | D13: =D29/30 -> 81999.556 | E13: =E29/30 -> 97301.244 | F13: =F29/30 -> 112602.93 | G13: =G29/30 -> 127904.62 | H13: =H29/30 -> 183620.27 | I13: =I29/30 -> 244827.02 | J13: =J29/30 -> 306033.78
A14: Ítem | B14: Porcentaje | C14: Valor | D14: Valor | E14: Valor | F14: Valor | G14: Valor | H14: Valor | I14: Valor | J14: Valor
A15: Seguridad Social
A16: Salud (EPS) - Empleador | B16: 0.085 | C16: =$C$12*B16 -> 98600 | D16: =$D$12*B16 -> 123250 | E16: =$E$12*B16 -> 147900 | F16: =$F$12*B16 -> 172550 | G16: =$G$12*B16 -> 197200 | H16: =$H$12*B16 -> 295800 | I16: =$I$12*B16 -> 394400 | J16: =$J$12*B16 -> 493000
A17: Pensión - Empleador | B17: 0.12 | C17: =$C$12*B17 -> 139200 | D17: =$D$12*B17 -> 174000 | E17: =$E$12*B17 -> 208800 | F17: =$F$12*B17 -> 243600 | G17: =$G$12*B17 -> 278400 | H17: =$H$12*B17 -> 417600 | I17: =$I$12*B17 -> 556800 | J17: =$J$12*B17 -> 696000
A18: ARL - Riesgo V | B18: 0.0696 | C18: =$C$12*B18 -> 80736 | D18: =$D$12*B18 -> 100920 | E18: =$E$12*B18 -> 121104 | F18: =$F$12*B18 -> 141288 | G18: =$G$12*B18 -> 161472 | H18: =$H$12*B18 -> 242208 | I18: =$I$12*B18 -> 322944 | J18: =$J$12*B18 -> 403680
A19: Parafiscales
A20: Caja de compensación | B20: 0.04 | C20: =$C$12*B20 -> 46400 | D20: =$D$12*B20 -> 58000 | E20: =$E$12*B20 -> 69600 | F20: =$F$12*B20 -> 81200 | G20: =$G$12*B20 -> 92800 | H20: =$H$12*B20 -> 139200 | I20: =$I$12*B20 -> 185600 | J20: =$J$12*B20 -> 232000
A21: ICBF | B21: 0.03 | C21: =$C$12*B21 -> 34800 | D21: =$D$12*B21 -> 43500 | E21: =$E$12*B21 -> 52200 | F21: =$F$12*B21 -> 60900 | G21: =$G$12*B21 -> 69600 | H21: =$H$12*B21 -> 104400 | I21: =$I$12*B21 -> 139200 | J21: =$J$12*B21 -> 174000
A22: Sena | B22: 0.02 | C22: =$C$12*B22 -> 23200 | D22: =$D$12*B22 -> 29000 | E22: =$E$12*B22 -> 34800 | F22: =$F$12*B22 -> 40600 | G22: =$G$12*B22 -> 46400 | H22: =$H$12*B22 -> 69600 | I22: =$I$12*B22 -> 92800 | J22: =$J$12*B22 -> 116000
A23: Prestaciones sociales
A24: Cesantías | B24: 0.083333333 | C24: =($C$12+$D$8)*B24 -> 108333.33 | D24: =($D$12+$D$8)*B24 -> 132500 | E24: =(E12+$D$8)*$B$24 -> 156666.67 | F24: =(F12+$D$8)*$B$24 -> 180833.33 | G24: =(G12+$D$8)*$B$24 -> 205000 | H24: =H12*$B$24 -> 290000 | I24: =I12*$B$24 -> 386666.67 | J24: =J12*$B$24 -> 483333.33
A25: Intereses de cesantías | B25: 0.12 | C25: =C24*$B$25 -> 13000 | D25: =D24*$B$25 -> 15900 | E25: =E24*$B$25 -> 18800 | F25: =F24*$B$25 -> 21700 | G25: =G24*$B$25 -> 24600 | H25: =H24*$B$25 -> 34800 | I25: =I24*$B$25 -> 46400 | J25: =J24*$B$25 -> 58000
A26: Prima de servicios | B26: 0.083333333 | C26: =(C12+$D$8)*$B$26 -> 108333.33 | D26: =(D12+$D$8)*$B$26 -> 132500 | E26: =(E12+$D$8)*$B$26 -> 156666.67 | F26: =(F12+$D$8)*$B$26 -> 180833.33 | G26: =(G12+$D$8)*$B$26 -> 205000 | H26: =H12*$B$26 -> 290000 | I26: =I12*$B$26 -> 386666.67 | J26: =J12*$B$26 -> 483333.33
A27: Vacaciones | B27: =B24/2 -> 0.041666667 | C27: =C12*$B$27 -> 48333.333 | D27: =D12*$B$27 -> 60416.667 | E27: =E12*$B$27 -> 72500 | F27: =F12*$B$27 -> 84583.333 | G27: =G12*$B$27 -> 96666.667 | H27: =H12*$B$27 -> 145000 | I27: =I12*$B$27 -> 193333.33 | J27: =J12*$B$27 -> 241666.67
A28: Valor mensual prestaciones | C28: =SUM(C16:C27) -> 700936 | D28: =SUM(D16:D27) -> 869986.67 | E28: =SUM(E16:E27) -> 1039037.3 | F28: =SUM(F16:F27) -> 1208088 | G28: =SUM(G16:G27) -> 1377138.7 | H28: =SUM(H16:H27) -> 2028608 | I28: =SUM(I16:I27) -> 2704810.7 | J28: =SUM(J16:J27) -> 3381013.3
A29: Total valor mensual | C29: =C12+$D$8+C28 -> 2000936 | D29: =D12+$D$8+D28 -> 2459986.7 | E29: =E12+$D$8+E28 -> 2919037.3 | F29: =F12+$D$8+F28 -> 3378088 | G29: =G12+$D$8+G28 -> 3837138.7 | H29: =H12+H28 -> 5508608 | I29: =I12+I28 -> 7344810.7 | J29: =J12+J28 -> 9181013.3
A31: CÁLCULO DEL FACTOR PRESTACIONAL (Para efectos de planeación)
A32: % factor prestacional | C32: =(C29-C12)/C12 -> 0.72494483 | D32: =(D29-D12)/D12 -> 0.69654253 | E32: =(E29-E12)/E12 -> 0.67760766 | F32: =(F29-F12)/F12 -> 0.66408276 | G32: =(G29-G12)/G12 -> 0.65393908 | H32: =(H29-H12)/H12 -> 0.58293333 | I32: =(I29-I12)/I12 -> 0.58293333 | J32: =(J29-J12)/J12 -> 0.58293333
A33: Jornal sin FP | C33: =C34/(1+C32) -> 38666.667 | D33: =D34/(1+D32) -> 48333.333 | E33: =E34/(1+E32) -> 58000 | F33: =F34/(1+F32) -> 67666.667 | G33: =G34/(1+G32) -> 77333.333 | H33: =H34/(1+H32) -> 116000 | I33: =I34/(1+I32) -> 154666.67 | J33: =J34/(1+J32) -> 193333.33
A34: Jornal con FP | C34: =C13 -> 66697.867 | D34: =D13 -> 81999.556 | E34: =E13 -> 97301.244 | F34: =F13 -> 112602.93 | G34: =G13 -> 127904.62 | H34: =H13 -> 183620.27 | I34: =I13 -> 244827.02 | J34: =J13 -> 306033.78
A36: Notas:
A37: Código Sustantivo del Trabajo Artículo 133. Jornal y sueldo: “Se denomina jornal el salario estipulado por días, y sueldo el estipulado por períodos mayores.”
A38: Independientemente la forma de pago pactada con el trabajador, en ningún caso el trabajador puede devengar un salario inferior al salario mínimo legal establecido, teniendo en cuenta también que los aportes a seguridad social y las acreencias laborales se siguen causando ya que las formas de pago no infieren en el desconocimiento de los derechos ciertos e indiscutibles de los trabajadores.
A40: Pago SS por cada jornal a cargo del trabajador
A41: Salud | B41: 0.125 | C41: =C33*$B$41 -> 4833.3333 | D41: =D33*$B$41 -> 6041.6667 | E41: =E33*$B$41 -> 7250 | F41: =F33*$B$41 -> 8458.3333 | G41: =G33*$B$41 -> 9666.6667 | H41: =H33*$B$41 -> 14500 | I41: =I33*$B$41 -> 19333.333 | J41: =J33*$B$41 -> 24166.667
A42: Pensión | B42: 0.16 | C42: =C33*$B$42 -> 6186.6667 | D42: =D33*$B$42 -> 7733.3333 | E42: =E33*$B$42 -> 9280 | F42: =F33*$B$42 -> 10826.667 | G42: =G33*$B$42 -> 12373.333 | H42: =H33*$B$42 -> 18560 | I42: =I33*$B$42 -> 24746.667 | J42: =J33*$B$42 -> 30933.333
A43: ARL | B43: =B18 -> 0.0696 | C43: =C33*$B$43 -> 2691.2 | D43: =D33*$B$43 -> 3364 | E43: =E33*$B$43 -> 4036.8 | F43: =F33*$B$43 -> 4709.6 | G43: =G33*$B$43 -> 5382.4 | H43: =H33*$B$43 -> 8073.6 | I43: =I33*$B$43 -> 10764.8 | J43: =J33*$B$43 -> 13456
A44: Pago a entidades SS | C44: =SUM(C41:C43) -> 13711.2 | D44: =SUM(D41:D43) -> 17139 | E44: =SUM(E41:E43) -> 20566.8 | F44: =SUM(F41:F43) -> 23994.6 | G44: =SUM(G41:G43) -> 27422.4 | H44: =SUM(H41:H43) -> 41133.6 | I44: =SUM(I41:I43) -> 54844.8 | J44: =SUM(J41:J43) -> 68556
